 Dungeon Crawl Stone Soup version 0.29-a0-90-gc37658a0fe (webtiles) character file.

Game seed: 9756759487253058100

316316 Charmandara the Cloud Mage (level 21, -1/123 HPs)
             Began as a Tengu Cinder Acolyte on Jan 23, 2022.
             Was a Follower of Ignis.
             Shot with a bolt by a yaktaur captain (34 damage)
             ... on level 2 of the Vaults on Feb 6, 2022.
             The game lasted 05:32:24 (72838 turns).

Charmandara the Cloud Mage (Tengu Cinder Acolyte)  Turns: 72838, Time: 05:32:25

Health: -1/123     AC: 13    Str: 15    XL:     21   Next: 40%
Magic:  35/49      EV: 18    Int: 36    God:    Ignis [*.....]
Gold:   3694       SH:  0    Dex: 10    Spells: 8/48 levels left

rFire   . . .      SeeInvis +   a - +10 spear of Adouhemu {venom, Will++ Int+5 SInv}
rCold   + + +      Faith    .   j - orb {mayhem}
rNeg    + + +      Spirit   .   h - +4 skin of Zhor {*Englaciate rC+++ SInv}
rPois   +          Reflect  .   A - +2 hat {Stlth+}
rElec   .          Harm     .   x - +2 cloak {rPois}
rCorr   +          Rampage  .   g - +1 pair of gloves of Eternity {rF- rN+++ rCorr Stlth+}
Will    ++++.                   (boots unavailable)
Stlth   +++++.....              u - amulet of the Chopping Coward {Acrobat +Inv rN+++ Will+ Slay-3}
HPRegen 0.30/turn               I - +6 ring of intelligence
MPRegen 0.31/turn               n - ring of magical power {MP+9}

@: flying quickly and evasively, studying Unarmed Combat, quick
A: beak, talons 3, nimble flight
}: 2/15 runes: barnacled, gossamer
a: Renounce Religion, Evoke Invisibility, Fiery Armour, Foxfire Swarm


You were on level 2 of the Vaults.
You worshipped Ignis.
Ignis was aware of your devotion.
You visited 8 branches of the dungeon, and saw 38 of its levels.
You also visited: Ossuary and Bailey.

You collected 5076 gold pieces.
You spent 1382 gold pieces at shops.

Inventory:

Hand Weapons
 a - the +10 spear of Adouhemu (weapon) {venom, Will++ Int+5 SInv}
   (You found it on level 3 of the Lair of Beasts)

   It poisons the flesh of those it strikes.
   Int:       It affects your intelligence (+5).
   SInv:      It lets you see invisible.
   Will:      It greatly increases your willpower.
 i - the +6 spear of Wrongful Imprisonment {elec, rN++ Will++ MP+9}
   (You took it off a deep elf death mage on level 3 of the Elven Halls)

   It occasionally discharges a powerful burst of electricity upon striking a
   foe.
   rN:        It greatly protects you from negative energy.
   MP:        It affects your magic capacity (+9).
   Will:      It greatly increases your willpower.
Missiles
 v - 6 throwing nets {!d}
 Q - 15 silver javelins (quivered)
Armour
 g - the +1 pair of gloves of Eternity (worn) {rF- rN+++ rCorr Stlth+}
   (You bought it in a shop on level 12 of the Dungeon)

   rF:        It makes you vulnerable to fire.
   rN:        It renders you almost immune to negative energy.
   rCorr:     It protects you from acid and corrosion.
   Stlth:     It makes you more stealthy.
 h - the +4 skin of Zhor (worn) {*Englaciate rC+++ SInv}
   (You found it on level 7 of the Dungeon)

   It radiates cold, occasionally slowing all nearby creatures who are not
   resistant to cold.
   rC:        It renders you almost immune to cold.
   SInv:      It lets you see invisible.
 j - an orb of mayhem (worn)
   (You bought it in a shop on level 2 of the Vaults)
 x - a +2 cloak of poison resistance (worn)
   (You took it off Crazy Yiuf on level 7 of the Dungeon)
 A - a +2 hat of stealth (worn)
   (You bought it in a shop on level 2 of the Elven Halls)
Magical Staves
 b - a staff of air {rElec}
   (You found it on level 5 of the Lair of Beasts)
Jewellery
 n - a ring of magical power (right hand) {MP+9}
   (You found it on level 9 of the Dungeon)
 o - a ring of positive energy {rN+}
   (You took it off a deep elf demonologist on level 3 of the Elven Halls)
 u - the amulet of the Chopping Coward (around neck) {Acrobat +Inv rN+++ Will+ Slay-3}
   (You took it off a merfolk aquamancer on level 4 of the Shoals)

   [amulet of the acrobat]

   It increases your evasion while moving and waiting.
   Slay:      It affects your accuracy & damage with ranged weapons and melee
   (-3).
   rN:        It renders you almost immune to negative energy.
   +Inv:      It lets you turn invisible.
   Will:      It increases your willpower.
 F - a ring of protection from fire {rF+, !d}
   (You acquired it on level 1 of the Spider Nest)
 I - a +6 ring of intelligence (left hand)
   (You found it on level 2 of the Lair of Beasts)
Wands
 d - a wand of digging (19)
   (You found it on level 2 of the Dungeon)
 e - a wand of charming (13)
   (You found it on level 1 of the Shoals)
 y - a wand of mindburst (12)
   (You found it on level 15 of the Dungeon)
Scrolls
 f - 7 scrolls of enchant weapon
 p - 2 scrolls of brand weapon
 r - 5 scrolls of enchant armour
 C - 4 scrolls of fog
 D - 3 scrolls of blinking {!r}
 E - 4 scrolls of fear
 K - 2 scrolls of immolation {!r}
 O - 3 scrolls of silence
 S - a scroll of summoning
 V - 3 scrolls of vulnerability {!r!r}
 W - a scroll of holy word {!r}
 Y - 11 scrolls of teleportation {@r3}
Potions
 m - 2 potions of might
 t - 2 potions of cancellation
 B - 3 potions of brilliance
 G - a potion of ambrosia {!q}
 H - 11 potions of haste
 J - 12 potions of curing {@q1}
 M - 4 potions of magic
 P - 2 potions of lignification {!q}
 R - 6 potions of resistance
 T - 5 potions of berserk rage {!q}
 U - 8 potions of mutation {!q}
Miscellaneous
 c - a piece from Xom's chessboard (15/15)
   (You found it on level 3 of the Elven Halls)
 l - a condenser vane
   (You found it on level 13 of the Dungeon)
 s - a tin of tremorstones (2/2)
   (You found it on level 12 of the Dungeon)
 w - a phial of floods
   (You found it on level 10 of the Dungeon)
 z - a box of beasts
   (You found it on level 7 of the Dungeon)


   Skills:
 - Level 10.7 Fighting
 - Level 2.0 Short Blades
 - Level 12.0 Polearms
 - Level 10.5 Dodging
 - Level 7.5 Stealth
 - Level 14.0 Spellcasting
 - Level 21.0 Conjurations
 - Level 4.0 Summonings
 - Level 9.0 Necromancy
 - Level 1.0 Translocations
 - Level 1.0 Transmutations
 - Level 8.5 Fire Magic
 - Level 6.9 Ice Magic
 + Level 25.6 Air Magic
 - Level 3.0 Poison Magic
 - Level 7.5 Evocations


You had 8 spell levels left.
You knew the following spells:

 Your Spells              Type           Power      Damage    Failure   Level
a - Shock                 Conj/Air       100%       1d9       0%          1
b - Blink                 Tloc           64%        N/A       1%          2
c - Maxwell's Capacitive  Air            59%        ∞         1%          8
f - Freezing Cloud        Conj/Ice/Air   50%        6-21      1%          5
l - Summon Lightning Spi  Summ/Air       93%        N/A       1%          4
x - Lightning Bolt        Conj/Air       57%        1d79      0%          5
z - Airstrike             Air            59%        N/A       0%          4
I - Irradiate             Conj/Tmut      40%        3d27      1%          5
M - Iskenderun's Mystic   Conj/Tloc      81%        2d16      1%          4
S - Sublimation of Blood  Necr           74%        N/A       1%          2

Your spell library contained the following spells:

 Spells                   Type           Power      Damage    Failure   Level
 Foxfire                  Conj/Fire      100%       2x1d9     0%          1
 Magic Dart               Conj           100%       1d8       0%          1
 Poisonous Vapours        Pois/Air       100%       N/A       0%          2
 Searing Ray              Conj           100%       2d8       0%          2
 Static Discharge         Conj/Air       100%       N/A       0%          2
 Conjure Flame            Conj/Fire      93%        6-21      0%          3
 Mephitic Cloud           Conj/Pois/Air  97%        N/A       0%          3
 Swiftness                Air            100%       N/A       0%          3
 Animate Skeleton         Necr           100%       N/A       1%          1
 Pain                     Necr           100%       1d9       1%          1
 Sandblast                Erth           50%        2d12      1%          1
 Summon Small Mammal      Summ           100%       N/A       1%          1
 Call Imp                 Summ           52%        N/A       1%          2
 Ensorcelled Hibernation  Hex/Ice        100%       N/A       1%          2
 Passwall                 Tmut/Erth      23%        N/A       1%          2
 Scorch                   Fire           100%       2d10      1%          2
 Wereblood                Tmut           32%        N/A       1%          2
 Call Canine Familiar     Summ           52%        N/A       1%          3
 Dazzling Flash           Conj/Hex       100%       N/A       1%          3
 Frozen Ramparts          Ice            100%       1d12      1%          3
 Ignite Poison            Fire/Tmut/Pois 53%        N/A       1%          3
 Inner Flame              Hex/Fire       54%        N/A       1%          3
 Stone Arrow              Conj/Erth      100%       3d13      1%          3
 Summon Guardian Golem    Hex/Summ       39%        N/A       1%          3
 Vampiric Draining        Necr           74%        2d11      1%          3
 Animate Dead             Necr           37%        N/A       1%          4
 Flame Wave               Conj/Fire      93%        2d16      1%          4
 Fulminant Prism          Conj/Hex       39%        3d18      1%          4
 Hailstorm                Conj/Ice       90%        3d18      1%          4
 Summon Ice Beast         Ice/Summ       59%        N/A       1%          4
 Starburst                Conj/Fire      46%        6d13      1%          6
 Gell's Gravitas          Tloc           32%        N/A       3%          3
 Lesser Beckoning         Tloc           32%        N/A       3%          3
 Portal Projectile        Hex/Tloc       56%        N/A       3%          3
 Teleport Other           Tloc           32%        N/A       3%          3
 Ice Form                 Ice/Tmut       52%        N/A       3%          4
 Iron Shot                Conj/Erth      39%        9d8       3%          6
 Storm Form               Tmut/Air       44%        N/A       5%          7
 Death Channel            Necr           37%        N/A       6%          6
 Animate Armour           Summ/Erth      78%        N/A       7%          4
 Borgnjor's Vile Clutch   Necr/Erth      27%        N/A       7%          5
 Simulacrum               Ice/Necr       35%        N/A       9%          6
 Metabolic Englaciation   Hex/Ice        25%        N/A       11%         5
 Petrify                  Tmut/Erth      28%        N/A       12%         4
 Cause Fear               Hex            12%        N/A       16%         4
 Leda's Liquefaction      Hex/Erth       12%        N/A       16%         4
 Summon Forest            Summ/Tloc      21%        N/A       16%         5
 Blade Hands              Tmut           16%        N/A       28%         5
 Manifold Assault         Tloc           32%        N/A       28%         5
 Yara's Violent Unravell  Hex/Tmut       14%        3d7       34%         5
 Lee's Rapid Deconstruct  Erth           12%        3d10*     38%         5
 Eringya's Noxious Bog    Tmut/Pois      19%        N/A       71%         6
 Dispersal                Tloc           16%        N/A       83%         6
 Statue Form              Tmut/Erth      18%        N/A       88%         6
 Summon Hydra             Summ           26%        N/A       94%         7
 Dragon Form              Tmut           16%        N/A       100%        7
 Disjunction              Tloc           16%        N/A       100%        8
 Dragon's Call            Summ           26%        N/A       100%        9
 Polar Vortex             Ice            33%        N/A       100%        9


Dungeon Overview and Level Annotations

Branches:
Dungeon (15/15)            Temple (1/1) D:4            Lair (6/6) D:8
 Shoals (4/4) Lair:2       Spider (4/4) Lair:2        Slime (0/5) Lair:5
    Orc (2/2) D:10            Elf (3/3) Orc:2        Vaults (3/5) D:14
  Crypt (0/3) Vaults:2     Depths (0/4) D:15        Ossuary (visited)
 Bailey (visited)

Altars:
Ashenzari
Cheibriados
Dithmenos
Elyvilon
Fedhas
Gozag
Hepliaklqana
Kikubaaqudgha
Makhleb
Nemelex Xobeh
Okawaru
Qazlal
Ru
Sif Muna
Trog
Uskayaw
Vehumet
Wu Jian
Xom
Yredelemnul
Zin
The Shining One
Beogh
Jiyva

Shops:
D:12 *[![?   Orc:1 (   Orc:2 ((![   Elf:2 [   Elf:3 [:   Shoals:3 *
Vaults:2 [

Annotations:
D:15 2 transporters


Innate Abilities, Weirdness & Mutations

You have a beak for a mouth.
You have claws for feet.
Your magical nature lets you fly swiftly and evasively.


Message History

A peacekeeper comes into view.
The yaktaur shoots a bolt.
The bolt completely misses you.
The yaktaur shoots a bolt.
The bolt completely misses you.
The electricity discharges through the peacekeeper!
The peacekeeper vaporises in an electric haze!
You destroy the peacekeeper!
The yaktaur flies into a frenzy!
You hear a shout!
You hear a horrible gurgling sound!
The yaktaur unwields a +0 arbalest.
The yaktaur hits the yaktaur!!
Unknown command.
Unknown command.
Okay, then.
The yaktaur wields a +0 arbalest.
The yaktaur shoots a bolt.
The bolt completely misses you.
The yaktaur shoots a bolt.
The bolt completely misses you.
The yaktaur hits something!!
The yaktaur shoots a bolt.
The bolt hits you!!
Something hits the yaktaur!
You hear a shout!
You take 20 damage, and have 62/123 hp.
The yaktaur hits something.
The yaktaur is engulfed in freezing vapours.
The yaktaur shoots a bolt.
The bolt hits you!!
The yaktaur shoots a bolt.
The bolt completely misses you.
Something hits the yaktaur!
The yaktaur is engulfed in freezing vapours.
The yaktaur shoots a bolt.
The bolt hits you!!
* * * LOW HITPOINT WARNING * * *
The yaktaur hits something but does no damage.
Something completely misses the yaktaur.
You take 45 damage, and have 17/123 hp.
MASSIVE DAMAGE!!
You now have 38/49 mp.
Unknown command.
Okay, then.
Okay, then.
Okay, then.
Really read
D - 4 scrolls of blinking {!r}?
Blink to where?
As you read the scroll of blinking {!r}, it crumbles to dust.
Okay, then.
Okay, then.
Okay, then.
Really quaff
G - 2 potions of ambrosia {!q}?
You are confused.
You feel invigorated.
You regained 3 hp, and now have 22/123 hp.
You regained 3 mp, and now have 43/49 mp.
Unknown command.
You regained 4 hp, and now have 26/123 hp.
You regained 4 mp, and now have 47/49 mp.
You regained 4 hp, and now have 30/123 hp.
MP restored: 49 You bump into the stone wall.
You regained 4 hp, and now have 34/123 hp.
You regained 3 hp, and now have 37/123 hp.
You regained 4 hp, and now have 41/123 hp.
You bump into the stone wall.
You regained 5 hp, and now have 46/123 hp.
You bump into the stone wall.
You regained 4 hp, and now have 50/123 hp.
You're too confused to move!
You regained 3 hp, and now have 53/123 hp.
You bump into the stone wall.
The yaktaur shoots a bolt.
The bolt misses you.
You regained 6 hp, and now have 59/123 hp.
Unknown command.
You feel better.
You feel less invigorated.
The yaktaur shoots a bolt.
The bolt hits you!!
You take 14 damage, and have 45/123 hp.
Aim: a yaktaur, wielding a +0 arbalest and quivering bolts (moderately wounded, 93% to hit)
You hear a mighty clap of thunder!
The bolt of lightning hits the yaktaur!!
You kill the yaktaur!
You hear a shout! x4
You now have 44/49 mp.
You start resting.
A yaktaur captain comes into view.
You regained 6 hp, and now have 51/123 hp.
MP restored: 49
Aim: a yaktaur captain, quivering bolts (89% to hit)
You hear a mighty clap of thunder!
The bolt of lightning misses the yaktaur captain.
You radiate an aura of cold.
The yaktaur captain seems to slow down.
You hear a shout! x4
You now have 44/49 mp.
Unknown command.
Aim: a yaktaur captain, quivering bolts (slow, 89% to hit)
You hear a mighty clap of thunder!
The bolt of lightning hits the yaktaur captain!!!
The yaktaur captain wields a +0 arbalest.
The yaktaur captain shoots a bolt.
The bolt hits you!!
* * * LOW HITPOINT WARNING * * *
You take 19 damage, and have 33/123 hp.
You now have 39/49 mp.
Unknown command.
Unknown command.
Unknown command.
Aim: a yaktaur captain, wielding a +0 arbalest and quivering bolts (severely wounded, slow, 89% to hit)
You hear a mighty clap of thunder!
The bolt of lightning hits the yaktaur captain.
You hear a shout!
The yaktaur captain is no longer moving slowly.
The yaktaur captain shoots a bolt.
The bolt hits you!!
You die...

#.............. #.
#......§....... #.
#...####'#..... #.
#...# .# ... #. #...#
## . #. #)..# .. #.
#...# . .....#.
#...######c... .....#.
#....@........ .....##
#...########### #.....
#...# #..'.'..# #.....
#...###..###..###.....
#...#...## ##...#.....
#...#..## ##..######
#...#'## ##'#.....
#...#.# #.#.....
#...#'## ##'#.....


You could see a yaktaur captain.

Vanquished Creatures
  Saint Roka (Vaults:2)
  Arachne (Spider:3)
  Jorgrun (Shoals:3)
  2 deep elf blademasters (Elf:3)
  2 deep elf master archers (Elf:3)
  A kraken (Shoals:4)
  Polyphemus (Shoals:3)
  Roxanne (Elf:2)
  Gastronok (Orc:1)
  A vault warden (Vaults:1)
  5 deep elf sorcerers (Elf:3)
  Louise (Spider:1)
  4 ghost moths
  An emperor scorpion (Spider:4)
  An orc warlord (Vaults:1)
  6 deep elf elementalists (Elf:3)
  5 ironbound preservers
  2 broodmothers
  A stone giant (shapeshifter) (Elf:3)
  4 very ugly things (Vaults:1)
  3 ironbound thunderhulks
  7 deep elf demonologists
  Nessos (D:14)
  2 deep elf annihilators (Elf:3)
  4 spark wasps
  A dire elephant (Vaults:1)
  5 entropy weavers
  8 deep elf death magi
  5 merfolk javelineers
  A deep elf high priest (Elf:3)
  An ettin (Orc:1)
  10 merfolk impalers
  2 fire dragons
  Josephine (D:10)
  2 yaktaur captains (Vaults:1)
  4 boulder beetles
  A peacekeeper (Vaults:2)
  An ice dragon (D:15)
  2 ogre magi
  4 hydras
  3 catoblepae
  4 ironbound frosthearts (Vaults:1)
  3 jorogumos
  7 merfolk aquamancers
  11 centaur warriors
  An alligator snapping turtle (Shoals:3)
  3 merfolk avatars
  12 two-headed ogres
  5 death yaks
  A vampire mage (Vaults:2)
  A tengu warrior (D:13)
  31 dancing weapons
  2 orc high priests (Orc:2)
  23 deep elf knights
  A pharaoh ant (Spider:4)
  The ghost of croobank the Covert, a novice FeDe of Dithmenos (Lair:2)
  A swamp dragon (Lair:6)
  17 deep trolls
  12 orb spiders
  2 ironbound convokers
  15 deep elf archers
  10 sea snakes
  A bog body (Lair:3)
  8 steelbarb worms
  25 deep elf zephyrmancers
  2 wizards (Vaults:1)
  3 lindwurms
  36 deep elf pyromancers
  Pikel (D:4)
  20 wolf spiders
  11 orc knights
  14 harpies
  25 manticores
  4 ugly things
  10 cyclopes
  18 fauns
  5 orc sorcerers
  3 moths of wrath
  7 black mambas
  9 merfolk sirens
  6 vault sentinels
  Maurice (D:11)
  A guardian serpent (Lair:6)
  8 water nymphs
  11 cane toads
  5 torpor snails
  19 elephants
  2 gargoyles
  An efreet (D:13)
  An unseen horror (D:11)
  14 komodo dragons
  13 yaktaurs
  7 demonic crawlers
  A tengu conjurer (D:13)
  2 ice devils (Lair:3)
  7 rime drakes
  A freezing wraith (D:14)
  9 polar bears
  2 merfolk (shapeshifter)
  11 trolls
  38 merfolk
  11 meliai
  30 slime creatures
  Prince Ribbit (D:7)
  16 tarantellas
  2 hornets (Lair:6)
  8 wind drakes
  17 dream sheep
  19 blink frogs
  A stone giant simulacrum (Vaults:1)
  A centaur simulacrum (D:13)
  6 snapping turtles
  29 jumping spiders
  22 culicivoras
  4 air elementals
  10 wyverns
  2 shadows
  6 wraiths
  18 water elementals
  9 basilisks
  4 vampires
  49 yaks
  3 fire elementals
  49 redbacks
  4 vampire mosquitoes
  4 steam dragons
  A harpy simulacrum (Lair:3)
  Edmund (D:4)
  19 water moccasins
  8 wargs
  2 acid dragons
  A swamp drake (Lair:6)
  37 orc warriors
  2 sky beasts
  3 ice beasts
  3 black bears
  A hornet zombie (D:8)
  21 ogres
  A necrophage (D:5)
  8 boggarts (D:14)
  17 wolves
  9 centaurs
  2 kobold brigands (D:8)
  16 bullfrogs
  An elf zombie (Ossuary)
  9 earth elementals
  4 scorpions
  3 killer bees (D:9)
  A human simulacrum (Vaults:1)
  6 wights (D:8)
  4 howler monkeys
  4 electric eels
  5 centaur zombies
  A bullfrog zombie (D:6)
  3 jellies
  Crazy Yiuf (D:7)
  2 centaur skeletons (D:7)
  5 hounds
  36 orc priests
  2 bullfrog skeletons (D:6)
  3 iguanas
  44 orc wizards
  16 hell rats
  A statue (D:10)
  2 troll simulacra (Lair:3)
  A wolf simulacrum (Lair:3)
  A killer bee zombie (D:6)
  A hound skeleton (D:4)
  3 mummies (Ossuary)
  A howler monkey zombie (D:5)
  6 gnolls
  9 adders
  A naga simulacrum (Lair:3)
  4 white imps
  An ufetubus (Vaults:1)
  An adder skeleton (D:4)
  5 adder zombies
  2 worms
  A dart slug (D:2)
  106 orcs
  6 bats
  5 endoplasms
  4 giant cockroaches
  2 gnoll zombies (Ossuary)
  6 goblins
  4 hobgoblins
  7 kobolds
  8 quokkas
  5 ball pythons
  3 frilled lizards
  4 goblin zombies (Ossuary)
  A hobgoblin zombie (Ossuary)
  3 kobold zombies (Ossuary)
  2 quokka zombies (Ossuary)
  9 rats
  A rat zombie (Ossuary)
  A bush (Lair:3)
  A tentacle (Shoals:4)
1480 creatures vanquished.

Vanquished Creatures (collateral kills)
  A deep elf sorcerer (Elf:3)
  A merfolk impaler (Shoals:4)
  2 deep elf knights (Elf:3)
  A wizard (Vaults:2)
  2 deep elf zephyrmancers (Elf:1)
  An orc knight (Bailey)
  2 lindwurms (Vaults:2)
  2 deep elf pyromancers (Elf:3)
  A vault sentinel (Vaults:2)
  A yaktaur (Vaults:2)
  A merfolk (Shoals:4)
  An orc priest (Vaults:2)
  3 orcs (Vaults:2)
19 creatures vanquished.

Vanquished Creatures (others)
  Ilsuiw (Shoals:3)
  A vault warden (Vaults:2)
  A yaktaur (Vaults:2)
  A culicivora (Spider:4)
  A wyvern (Lair:6)
  An orc wizard (Orc:2)
  An orc (D:7)
  68 fungi
  189 plants
  3 tentacles (Shoals:4)
267 creatures vanquished.

Grand Total: 1766 creatures vanquished

Notes
Turn   | Place    | Note
-------+----------+-------------------------------------------
     0 | D:1      | Charmandara the Tengu Cinder Acolyte began the quest for
                  | the Orb.
     0 | D:1      | Reached XP level 1. HP: 14/14 MP: 3/3
   359 | D:1      | Reached XP level 2. HP: 14/19 MP: 4/4
   362 | D:1      | Learned a level 2 spell: Scorch
   609 | D:1      | Reached skill level 4 in Polearms
   613 | D:1      | Found a faded altar of an unknown god.
   860 | D:1      | Reached XP level 3. HP: 21/23 MP: 2/5
  1106 | D:2      | Reached skill level 4 in Fire Magic
  2343 | D:2      | Reached XP level 4. HP: 24/28 MP: 1/7
  2581 | D:3      | Noticed an ogre
  2586 | D:3      | HP: 7/28 [ogre (21)]
  2587 | D:3      | Killed an ogre
  2588 | D:3      | Reached skill level 2 in Spellcasting
  2588 | D:3      | Reached skill level 5 in Fire Magic
  2588 | D:3      | Gained mutation: Your magical nature lets you fly swiftly
                  | and evasively. [Tengu growth]
  2588 | D:3      | Reached XP level 5. HP: 7/32 MP: 3/9
  2859 | D:3      | Learned a level 2 spell: Static Discharge
  2865 | D:3      | Learned a level 5 spell: Lightning Bolt
  3227 | D:3      | Reached skill level 1 in Air Magic
  3335 | D:3      | Reached skill level 1 in Conjurations
  3665 | D:4      | Found an iron altar of Okawaru.
  3734 | D:4      | Reached XP level 6. HP: 37/37 MP: 6/11
  3750 | D:4      | Noticed a black bear
  3760 | D:4      | Killed a black bear
  3761 | D:4      | Reached skill level 3 in Spellcasting
  3761 | D:4      | Reached skill level 2 in Conjurations
  3761 | D:4      | Reached skill level 2 in Air Magic
  3762 | D:4      | Found a sand-covered staircase.
  3764 | D:4      | Noticed Edmund
  3773 | D:4      | Killed Edmund
  3774 | D:4      | Reached skill level 6 in Fire Magic
  3774 | D:4      | Reached XP level 7. HP: 22/41 MP: 4/13
  3820 | Ossuary  | Entered an ossuary
  3826 | Ossuary  | Reached skill level 3 in Air Magic
  3828 | Ossuary  | Reached skill level 3 in Conjurations
  4435 | D:4      | Identified a scroll of acquirement
  4435 | D:4      | Acquired the +1 pair of gloves of Privacy {+Inv}
  4550 | D:4      | Noticed Pikel
  4568 | D:4      | HP: 10/41 [Pikel (1)]
  4568 | D:4      | Killed Pikel
  4569 | D:4      | Reached skill level 4 in Spellcasting
  4569 | D:4      | Reached skill level 5 in Conjurations
  4569 | D:4      | Reached skill level 6 in Air Magic
  4569 | D:4      | Reached XP level 8. HP: 12/46 MP: 1/15
  5119 | D:4      | Reached skill level 1 in Short Blades
  5324 | D:4      | Found a staircase to the Ecumenical Temple.
  5334 | Temple   | Entered the Ecumenical Temple
  5735 | D:5      | Entered Level 5 of the Dungeon
  5782 | D:5      | Reached skill level 2 in Short Blades
  5782 | D:5      | Reached skill level 6 in Conjurations
  5842 | D:5      | Reached skill level 7 in Air Magic
  6095 | D:5      | Found a broken altar of Ashenzari.
  6393 | D:6      | Reached skill level 7 in Conjurations
  6469 | D:6      | Reached skill level 8 in Air Magic
  6469 | D:6      | Reached XP level 9. HP: 50/50 MP: 9/16
  6629 | D:6      | Found a hide-covered altar of Uskayaw.
  6632 | D:6      | Found a burning altar of Makhleb.
  6636 | D:6      | Found a hazy altar of Hepliaklqana.
  6671 | D:6      | Found a stormy altar of Qazlal.
  6679 | D:6      | Reached skill level 8 in Conjurations
  6987 | D:6      | Reached skill level 9 in Air Magic
  7236 | D:6      | Found a blossoming altar of Fedhas.
  7242 | D:6      | HP: 11/50 [centaur/arrow (8)]
  7524 | D:6      | Reached skill level 9 in Conjurations
  7947 | D:7      | Noticed a rime drake
  7949 | D:7      | Noticed a rime drake
  7951 | D:7      | Noticed a rime drake
  7951 | D:7      | Found the +4 skin of Zhor {*Englaciate rC+++ SInv}
  7961 | D:7      | Noticed a cyclops
  7976 | D:7      | Noticed Prince Ribbit
  7978 | D:7      | Killed a cyclops
  7979 | D:7      | Reached skill level 10 in Air Magic
  7981 | D:7      | Reached skill level 10 in Conjurations
  8405 | D:7      | Reached XP level 10. HP: 56/56 MP: 10/17
  8485 | D:7      | Found a runed translucent door.
  8486 | D:7      | Noticed Crazy Yiuf
  8551 | D:7      | Reached skill level 11 in Air Magic
  8554 | D:7      | Reached skill level 11 in Conjurations
  8573 | D:7      | Reached skill level 1 in Dodging
  8656 | D:7      | Killed Prince Ribbit
  8657 | D:7      | Reached skill level 2 in Dodging
  8785 | D:7      | Reached skill level 3 in Dodging
  8785 | D:7      | Reached skill level 5 in Spellcasting
  8786 | D:7      | Reached skill level 4 in Dodging
  9171 | D:7      | Killed Crazy Yiuf
  9178 | D:7      | Learned a level 5 spell: Irradiate
  9181 | D:7      | Learned a level 2 spell: Sublimation of Blood
  9364 | D:8      | Noticed an elephant
  9365 | D:8      | Found a staircase to the Lair.
  9378 | D:8      | Reached skill level 1 in Necromancy
  9392 | D:8      | Found a flagged portal.
  9401 | Bailey   | Entered a bailey
  9603 | Bailey   | Reached skill level 1 in Transmutations
  9615 | Bailey   | Reached skill level 2 in Necromancy
  9654 | Bailey   | Reached skill level 6 in Spellcasting
  9740 | Bailey   | Noticed an orc knight
  9748 | Bailey   | Reached skill level 1 in Stealth
  9748 | Bailey   | Reached skill level 1 in Evocations
  9750 | Bailey   | Noticed an orc knight
  9757 | Bailey   | Killed an orc knight
  9758 | Bailey   | Reached skill level 3 in Stealth
  9758 | Bailey   | Reached skill level 2 in Evocations
  9761 | Bailey   | Reached skill level 3 in Evocations
  9762 | Bailey   | Noticed an orc knight
  9767 | Bailey   | Killed an orc knight
  9768 | Bailey   | Reached skill level 7 in Fire Magic
  9768 | Bailey   | Reached XP level 11. HP: 31/60 MP: 15/21
  9771 | Bailey   | Killed an orc knight
 10306 | D:8      | Reached skill level 8 in Fire Magic
 11337 | D:8      | HP: 10/59 [orc warrior (18)]
 12146 | Lair:1   | Entered Level 1 of the Lair of Beasts
 12155 | Lair:1   | Reached skill level 5 in Dodging
 12333 | D:9      | Noticed a two-headed ogre
 12371 | D:8      | Reached skill level 4 in Fighting
 12761 | Lair:1   | HP: 14/61 [yak (14)]
 13681 | Lair:1   | Reached skill level 6 in Dodging
 13681 | Lair:1   | Reached skill level 12 in Conjurations
 13690 | Lair:1   | Reached skill level 12 in Air Magic
 13695 | Lair:1   | Reached skill level 5 in Fighting
 14197 | Lair:1   | Learned a level 4 spell: Airstrike
 14200 | Lair:1   | Learned a level 1 spell: Shock
 14299 | Lair:2   | Reached XP level 12. HP: 61/68 MP: 14/22
 14382 | Lair:2   | Found a hole to the Spider Nest.
 14767 | Lair:2   | HP: 14/68 [merfolk (7)]
 15012 | Lair:2   | Reached skill level 7 in Dodging
 15146 | Lair:2   | Reached skill level 6 in Fighting
 15524 | Lair:2   | Found a runed translucent door.
 15525 | Lair:2   | Noticed croobank's ghost (novice FeDe)
 15588 | Lair:2   | Reached skill level 13 in Conjurations
 15588 | Lair:2   | Reached skill level 13 in Air Magic
 16194 | Lair:2   | Found a staircase to the Shoals.
 16511 | Lair:3   | Identified the +5 falchion of Dissatisfaction {chaos, rC+
                  | rCorr}
 17028 | Lair:3   | Reached skill level 8 in Dodging
 17108 | Lair:3   | Noticed a death yak
 17120 | Lair:3   | Reached skill level 7 in Fighting
 17124 | Lair:3   | Killed a death yak
 17140 | Lair:3   | HP: 18/72 [elephant (12)]
 17461 | Lair:3   | Noticed a death yak
 17478 | Lair:3   | Reached skill level 9 in Dodging
 17478 | Lair:3   | Reached skill level 3 in Necromancy
 17478 | Lair:3   | Reached XP level 13. HP: 63/78 MP: 17/23
 17479 | Lair:3   | Reached skill level 8 in Fighting
 17488 | Lair:3   | Reached skill level 4 in Necromancy
 17700 | Lair:3   | Found the +8 Vampire's Tooth {vamp}
 17721 | Lair:3   | Reached skill level 9 in Fighting
 17867 | Lair:3   | Identified the +10 spear of Adouhemu {venom, Will++ Int+5
                  | SInv}
 18393 | Lair:3   | Reached skill level 7 in Spellcasting
 18512 | Lair:3   | Reached skill level 5 in Polearms
 18639 | Lair:3   | Learned a level 5 spell: Freezing Cloud
 19265 | Lair:3   | Learned a level 5 spell: Irradiate
 19842 | Lair:4   | Reached skill level 6 in Polearms
 20351 | Lair:5   | Reached skill level 8 in Spellcasting
 20435 | Lair:5   | Found a staircase to the Slime Pits.
 20436 | Lair:5   | Found a viscous altar of Jiyva.
 20721 | Lair:5   | Reached skill level 7 in Polearms
 21280 | Lair:5   | Reached skill level 1 in Ice Magic
 21444 | Lair:6   | Entered Level 6 of the Lair of Beasts
 21454 | Lair:6   | Reached skill level 2 in Ice Magic
 21537 | Lair:6   | Reached skill level 8 in Polearms
 21582 | Lair:6   | Reached XP level 14. HP: 80/86 MP: 12/27
 21748 | Lair:6   | Reached skill level 3 in Ice Magic
 22014 | Lair:6   | Reached skill level 9 in Polearms
 22017 | Lair:6   | Reached skill level 4 in Ice Magic
 22750 | Lair:6   | Reached skill level 5 in Ice Magic
 22764 | Lair:6   | Reached skill level 10 in Polearms
 24071 | Lair:6   | Reached skill level 11 in Polearms
 24735 | D:9      | Learned a level 2 spell: Blink
 24770 | D:9      | Wollwoll: hi!
 24813 | D:9      | Charmandara: hello!
 24828 | D:9      | Wollwoll: haven't seen you for a while!
 24884 | D:9      | Wollwoll: I know you've been on but I've missed you lol
 24884 | D:9      | Wollwoll: hard to find people that are interesting to chat
                  | with
 24884 | D:9      | Charmandara: I come and go, lol. Life doesn't afford me
                  | much time for sitting at the computer these days
 24884 | D:9      | Charmandara: and aw thanks, always happy to chat if I'm
                  | around
 24884 | D:9      | Charmandara: how are you today?
 25242 | D:10     | Entered Level 10 of the Dungeon
 25261 | D:10     | Wollwoll: doing okay!
 25269 | D:10     | Reached skill level 9 in Spellcasting
 25279 | D:10     | Reached skill level 1 in Translocations
 25279 | D:10     | Wollwoll: These days?
 25286 | D:10     | Wollwoll: What kind of things are you busy with?
 25286 | D:10     | Charmandara: work, life, what have you
 25436 | D:10     | Wollwoll: What kind of work?
 25451 | D:10     | Found a staircase to the Orcish Mines.
 25585 | D:10     | Noticed Josephine
 25587 | D:10     | Wollwoll: I'm getting better at angband and worse at DCSS
 25590 | D:10     | Wollwoll: haven't been playing DCSS haha
 25591 | D:10     | Killed Josephine
 25633 | D:10     | Wollwoll: Do you play any other roguelikes?
 25675 | D:9      | Charmandara: I run a bar
 25675 | D:9      | Charmandara: I do some runs in Noita now and then
 25675 | D:9      | Charmandara: played doomRL once upon a time
 25675 | D:9      | Wollwoll: you...
 25675 | D:9      | Wollwoll: wait
 25675 | D:9      | Wollwoll: you run a bar
 25675 | D:9      | Charmandara: yes
 25677 | D:10     | Charmandara: WOW
 25677 | D:10     | Wollwoll: lol
 25677 | D:10     | Wollwoll: friendly staircase greeting
 25678 | D:10     | Wollwoll: That's interesting though
 25678 | D:10     | Wollwoll: It's not a common occupation so I was surprised
 25678 | D:10     | Charmandara: It's a living, lol
 25680 | D:10     | Charmandara: whew
 25680 | D:10     | Charmandara: thanks irradiate
 25878 | D:9      | Wollwoll: I love irradiate
 25878 | D:9      | Wollwoll: especially because it works well as a hybrid haha
 25878 | D:9      | Wollwoll: since I've been playing Chei
 25878 | D:9      | Wollwoll: be a melee mage
 25878 | D:9      | Charmandara: very nice with chei
 25878 | D:9      | Wollwoll: I'm playing an angband game right now actually
 25878 | D:9      | Wollwoll: mind if I talk about it a bit haha
 25878 | D:9      | Charmandara: never tried angband
 25878 | D:9      | Wollwoll: some interesting things just happened
 25878 | D:9      | Charmandara: sure, give me a primer
 25878 | D:9      | Wollwoll: I mean, Angband is a straightforward dungeon
                  | delving roguelike
 26084 | D:10     | Found a glowing silver altar of Zin.
 26104 | D:10     | You are sucked into a shaft and drop 2 floors!
 26119 | D:12     | Wollwoll: there's level 0 which is the town with shops,
                  | levels 1-98, level 99 which is Sauron the Sorcerer's floor,
                  | and level 100 which is Morgoth, Lord of Darkness
 26307 | D:10     | Wollwoll: they're uniques obviously
 26327 | D:10     | Found a radiant altar of Vehumet.
 26330 | D:10     | Wollwoll: they're the only floor bosses that exist in the
                  | game though, otherwise it's like DCSS
 26402 | D:10     | Wollwoll: floors don't persist
 26463 | D:10     | Wollwoll: if you descend a staircase and ascend a staircase
                  | it'll be a different floor
 26463 | D:10     | Wollwoll: it was originally because toaster computers
                  | couldn't handle that much memory but it's a part of the
                  | style now
 26463 | D:10     | Wollwoll: makes you use different strategy
 26463 | D:10     | Charmandara: that's interesting
 26463 | D:10     | Charmandara: how involved are the commands?
 26463 | D:10     | Wollwoll: involved?
 26463 | D:10     | Wollwoll: as in complicated?
 26463 | D:10     | Charmandara: Are we talking nethack minutia?
 26463 | D:10     | Wollwoll: somewhere between dcss and nethack
 26472 | D:10     | Wollwoll: the commands mostly map out intuitively
 26472 | D:10     | Charmandara: I tried nethack for a while, but its sooo
                  | clunky
 26685 | D:11     | Wollwoll: a lot of the commands are the same between dcss
                  | and angband
 26687 | D:11     | Wollwoll: angband has a few commands that don't exist here
 26688 | D:11     | Wollwoll: but it's not too bad
 26691 | D:10     | Wollwoll: if you already know dcss it won't be hard to
                  | memorize the new commands
 26704 | Orc:1    | Entered Level 1 of the Orcish Mines
 26708 | Orc:1    | Wollwoll: angband has no branches
 26709 | Orc:1    | Wollwoll: at least vanilla angband doesn't
 26709 | Orc:1    | Wollwoll: it's a single dungeon
 26710 | Orc:1    | Wollwoll: Morgoth's fortress
 26714 | Orc:1    | Wollwoll: there's only descending and ascending floors
 26716 | Orc:1    | Wollwoll: the gameplay style is different
 26717 | Orc:1    | Wollwoll: for example mages and archers are a lot more
                  | kitey
 26717 | Orc:1    | Wollwoll: oh
 26718 | Orc:1    | Wollwoll: which is mostly because the more common
                  | consumables are infinite in angband
 26718 | Orc:1    | Wollwoll: shops restock infinitely
 26724 | Orc:1    | Wollwoll: so things like minor healing potions and scrolls
                  | of (uncontrolled) blink, known in Angband as Phase Door,
                  | are plentiful
 26728 | Orc:1    | Wollwoll: and necessities for dungeon exploration
 26730 | Orc:1    | Wollwoll: you'll die fast without them
 26734 | Orc:1    | Wollwoll: so angband is far more item-focused than dcss
 26743 | D:10     | Wollwoll: the alchemist store sells potions of Cure Light
                  | wounds, Cure Serious Wounds and Cure Critical Wounds for
                  | cheap
 26865 | D:10     | Wollwoll: which heal for 20/40/60 hp respectively
 26867 | Orc:1    | Wollwoll: there's also rare potions of [Healing], which
                  | heal for 300 hp
 26872 | Orc:1    | Wollwoll: potions of [*Healing*], which heal for 1200 hp
 26876 | Orc:1    | Reached skill level 12 in Polearms
 26876 | Orc:1    | Reached XP level 15. HP: 90/90 MP: 29/29
 26876 | Orc:1    | Wollwoll: and Potions of [Life], which I've never seen
                  | before but I'm told exist
 26904 | Orc:1    | Found Ypsong's Antique Weapon Shop.
 26989 | Orc:2    | Entered Level 2 of the Orcish Mines
 26990 | Orc:2    | Wollwoll: they're practically mythical to me who's never
                  | gotten past level 50 or so haha
 27014 | Orc:1    | Wollwoll: endgame extremely rare potions that heal for 5000
                  | hp, cure experience drain, all status afflictions, and do
                  | some other things
 27022 | Orc:1    | Wollwoll: to be clear you'll never have 5000 hp
 27025 | Orc:1    | Wollwoll: it's meant as a full heal
 27094 | Orc:1    | Wollwoll: endgame tanky melee characters might have 1000 hp
 27094 | Orc:1    | Wollwoll: following so far?
 27094 | Orc:1    | Wollwoll: I kind of created a text wall haha
 27094 | Orc:1    | Charmandara: basically an amulet of lifesaving, but it
                  | requires a turn
 27094 | Orc:1    | Charmandara: yes, I follow
 27127 | Orc:1    | Wollwoll: Not that I was being condescending haha I just
                  | thought you might have missed some things given how much I
                  | typed
 27128 | Orc:1    | Wollwoll: scrolls of phase door are basically a casting of
                  | blink
 27130 | Orc:1    | Wollwoll: very cheap, buy lots and lots of them
 27132 | Orc:1    | Wollwoll: oh, I'm going to be afk for a few mins
 27136 | Orc:1    | Reached skill level 10 in Spellcasting
 27227 | Orc:1    | Charmandara: no worries
 27761 | Orc:2    | Found a staircase to the Elven Halls.
 27811 | Orc:1    | Noticed Gastronok
 27820 | Orc:1    | Killed Gastronok
 28057 | Orc:2    | Wollwoll: back!
 28066 | Orc:2    | Wollwoll: anyway, phase door is invaluable
 28071 | Orc:2    | Wollwoll: there are some enemies you really want to keep
                  | distance from
 28193 | Orc:1    | Learned a level 8 spell: Maxwell's Capacitive Coupling
 28193 | Orc:1    | Wollwoll: in particular you're really not going to kill a
                  | melee unique in a damage competition unless you have them
                  | seriously outleveled
 28193 | Orc:1    | Charmandara: so what do you do? consumable buffs? spells?
 28193 | Orc:1    | Wollwoll: so phase door lets you kite as ranged and heal up
                  | as melee
 28246 | Orc:2    | Wollwoll: consumables
 28252 | Orc:2    | Wollwoll: spells if you're a mage obviously
 28274 | Orc:2    | Wollwoll: basically a warrior kills a melee unique by
                  | hitting them a lot, phasing away, and healing up
 28279 | Orc:2    | Wollwoll: war of attrition
 28295 | Orc:2    | Wollwoll: and well shooting them at range
 28330 | Orc:2    | Wollwoll: if you have a good bow or crossbow as a warrior
                  | you can do a lot of damage
 28330 | Orc:2    | Charmandara: I see
 28330 | Orc:2    | Charmandara: do enemies heal over time?
 28330 | Orc:2    | Charmandara: do you?
 28367 | Orc:2    | Wollwoll: both you and enemies heal over time
 28389 | Orc:2    | Wollwoll: like most roguelikes
 28393 | Orc:2    | Reached skill level 11 in Spellcasting
 28393 | Orc:2    | Wollwoll: not that fast though
 28397 | Orc:2    | Wollwoll: so healing isn't a concern in attrition battles
 28397 | Orc:2    | Wollwoll: if you can heal with potions they're not going to
                  | be able to keep up
 28400 | Orc:2    | Wollwoll: so fighting early game melee uniques is usually
                  | lots of kiting
 28406 | Orc:2    | Wollwoll: if you're a mage anyway
 28436 | Orc:2    | Wollwoll: or ranger
 28471 | Orc:2    | Wollwoll: and attrition as melee
 28545 | Orc:2    | Wollwoll: later on uniques are either very fast or
                  | spellcasting
 28663 | Orc:2    | Wollwoll: so you can't just kite infinitely like you can
                  | with a few of the early game melee uniques
 28736 | Orc:2    | Wollwoll: but you have more options then
 28751 | Orc:2    | Wollwoll: anyway
 28752 | Orc:2    | Wollwoll: uniques are in general very tanky
 28767 | Orc:2    | Wollwoll: even the pure spellcasters
 28769 | Orc:2    | Wollwoll: no jorgruns here
 28802 | Orc:2    | Wollwoll: there's certainly glass cannon caster uniques but
                  | their hp is scaled up to the point that they're still
                  | pretty tanky compared to normal enemies
 28802 | Orc:2    | Wollwoll: and most of those have heal self
 28802 | Orc:2    | Wollwoll: so they're healtanks instead of hp tanks
 28802 | Orc:2    | Charmandara: like mennas ?
 28820 | Orc:2    | Reached skill level 5 in Necromancy
 28886 | Orc:2    | Wollwoll: yeah basically
 28993 | Orc:2    | Wollwoll: priest enemies especially have so much healing
 29015 | Orc:2    | Wollwoll: even the higher tiered non-uniques
 29085 | Orc:2    | Wollwoll: for example there are five tiers of Men
 29095 | Orc:2    | Wollwoll: which is the human category of enemies
 29101 | Orc:2    | Wollwoll: where the different enemies correspond to the
                  | different classes
 29127 | Orc:2    | Wollwoll: warrior, ranger, priest, paladin, druid, rogue,
                  | mage, necromancer
 29132 | Orc:2    | Wollwoll: oh, necromancer and blackguard
 29224 | Orc:2    | Wollwoll: most of those are self-explanatory
 29239 | Orc:2    | Wollwoll: blackguard is to necromancer what paladin is to
                  | priest
 29258 | Orc:2    | Wollwoll: think yredelemnul I guess
 29263 | Orc:2    | Wollwoll: except blackguards don't use summons
 29274 | Orc:2    | Reached skill level 6 in Necromancy
 29372 | Orc:2    | Wollwoll: I play mage and necromancer almost exclusively
 29374 | Orc:2    | Wollwoll: you know me
 29538 | Orc:2    | Found a runed translucent door.
 29565 | Orc:2    | Wollwoll: going to try priest and druid sometime
 29605 | Orc:2    | Wollwoll: but I got kind of off-topic
 29607 | Orc:2    | Found a shimmering altar of Xom.
 29729 | Orc:2    | Found Elymaom's Armour Boutique.
 29729 | Orc:2    | Found Avumein's Distillery.
 29730 | Orc:2    | Found Ocuoc's Antique Weapon Shop.
 29734 | Orc:2    | Found Onyxkaj's Weapon Shop.
 29887 | Orc:2    | Identified the +9 whip of Uncertain Death {antimagic, rF+
                  | Int+2}
 29957 | Orc:2    | Wollwoll: nine different classes and therefore nine
                  | different categories of human enemies
 29981 | Orc:2    | Wollwoll: there's five tiers of the nine different classes
                  | for the nonunique humans
 30003 | Orc:2    | Wollwoll: for example priest progression looks like
 30142 | Orc:2    | Wollwoll: oh nevermind it's four tiers
 30271 | Orc:2    | Wollwoll: and for some reason priest only has three tiers
 30271 | Orc:2    | Wollwoll: that's weird
 30271 | Orc:2    | Charmandara: subclass systems are fun
 30271 | Orc:2    | Charmandara: a little more dnd like
 30271 | Orc:2    | Wollwoll: but mage progression is apprentice -> druadan
                  | mage -> mage -> sorcerer
 30271 | Orc:2    | Wollwoll: for enemy mages
 30271 | Orc:2    | Wollwoll: yeah
 30271 | Orc:2    | Wollwoll: angband is half tolkien and half dnd honestly
 30271 | Orc:2    | Wollwoll: has some similar systems
 30271 | Orc:2    | Charmandara: priests probably have 3 due to the christian
                  | holy trinity
 30271 | Orc:2    | Charmandara: bbs
 30271 | Orc:2    | Wollwoll: huh, didn't know that
 30271 | Orc:2    | Wollwoll: I mean didn't think of that
 30271 | Orc:2    | Wollwoll: makes sense though
 30271 | Orc:2    | Wollwoll: anyway, the highest leveled human enemies in
                  | Angband are level 40
 30271 | Orc:2    | Wollwoll: but that's for the nonuniques
 30271 | Orc:2    | Wollwoll: well, the highest leveled human enemies
                  | corresponding to the nine classes
 30271 | Orc:2    | Wollwoll: after that it gets less clearly defined
 30271 | Orc:2    | Wollwoll: for example Lords of Carn Dum are level 46 evil
                  | priests
 30271 | Orc:2    | Wollwoll: I haven't gotten far enough to see really
 30271 | Orc:2    | Wollwoll: only to level 50 or so like I said
 30271 | Orc:2    | Wollwoll: but I'm pretty sure there's higher leveled human
                  | enemies after that
 30271 | Orc:2    | Wollwoll: but they're all hybrid classes like lord of carn
                  | dum
 30271 | Orc:2    | Wollwoll: instead of being singleclassed
 30271 | Orc:2    | Wollwoll: not that much higher leveled though
 30271 | Orc:2    | Wollwoll: there aren't nonunique humans more dangerous than
                  | midgame-late midgame I believe
 30271 | Orc:2    | Wollwoll: I think Saruman of Many Colors might be the
                  | highest leveled human in the game
 30271 | Orc:2    | Wollwoll: and he's only level 60-70
 30271 | Orc:2    | Wollwoll: not sure exactly since I've never gotten far
                  | enough to fight him
 30271 | Orc:2    | Wollwoll: (How familiar are you with LOTR, again?)
 30271 | Orc:2    | Charmandara: sorry, taking a phonecall
 30271 | Orc:2    | Charmandara: i'm gonna be a minute
 30271 | Orc:2    | Wollwoll: sure, tell me when you're back!
 30271 | Orc:2    | Charmandara: oooh Saruman!
 30271 | Orc:2    | Charmandara: (back)
 30271 | Orc:2    | Charmandara: I hope he's crazy hard
 30271 | Orc:2    | Charmandara: what's his deal?
 30379 | D:11     | Wollwoll: oh I'm back
 30398 | D:11     | Wollwoll: so you've read lord of the rings then? haha
 30401 | D:11     | Wollwoll: I've never fought saruman so I wouldn't know
 30404 | D:11     | Wollwoll: but I'm pretty sure he has lots of resistances,
                  | summons a lot, and hits to disenchant your gear
 30405 | D:11     | Wollwoll: among other things
 30425 | D:10     | Wollwoll: so you really don't want to engage him in melee
                  | even though he's a pure caster
 30486 | D:11     | Wollwoll: he'll ruin your equipment
 30489 | D:11     | Wollwoll: unless you have rDisenchant which is a pretty
                  | rare resistance
 30493 | D:11     | Wollwoll: disenchantment is like damage in nethack
                  | basically
 30496 | D:11     | Wollwoll: every time a piece of equipment is disenchanted
                  | it loses an enchantment plus
 30502 | D:11     | Wollwoll: (equipment damage in nethack)
 30702 | D:11     | Noticed Maurice
 30706 | D:11     | Killed Maurice
 30775 | D:11     | Wollwoll: so you really don't want to let disenchanters hit
                  | you
 30775 | D:11     | Wollwoll: congratulations, that +28 armor you had is now +9
 30775 | D:11     | Wollwoll: if you get hit enough
 30775 | D:11     | Wollwoll: He's quite powerful for his depth also
 30775 | D:11     | Wollwoll: I don't know his spell list unfortunately
 30775 | D:11     | Wollwoll: (kind of like Mara)
 30775 | D:11     | Wollwoll: in terms of being more powerful than the area
 30775 | D:11     | Charmandara: Crawl used to have permanent
                  | disenchantment/corrosion
 30775 | D:11     | Charmandara: a piece of gear had to be +5 or better to
                  | reach immunity
 30775 | D:11     | Charmandara: so your accessory gear was always at risk of
                  | degradation
 30775 | D:11     | Charmandara: jellies used to be TERRIFYING
 30792 | D:11     | Reached skill level 14 in Conjurations
 30792 | D:11     | Reached skill level 14 in Air Magic
 31045 | D:11     | Wollwoll: anyway, so Saruman is pretty impressive when you
                  | encounter him
 31045 | D:11     | Wollwoll: but a late midgame enemy in the end
 31053 | D:11     | Wollwoll: nowhere as powerful as sauron for example which
                  | makes sense
 31053 | D:11     | Wollwoll: *nowhere near*
 31134 | D:11     | Wollwoll: mara is a good comparison like I said
 31134 | D:11     | Wollwoll: in terms of difficulty
 31134 | D:11     | Charmandara: gotcha
 31134 | D:11     | Charmandara: Mara has killed me so many times, lol. I
                  | remember the first time I encountered them
 31476 | D:11     | Charmandara: What does Sauron have?
 31476 | D:11     | Charmandara: It's cool they include him in a corporeal form
 31576 | D:11     | Identified the +4 arbalest of Circularity {elec, rN+ Int+4}
 31796 | D:12     | Found Ytzozaat's Distillery.
 31802 | D:12     | Wollwoll: I mean, he's one of the deadliest uniques in the
                  | game
 31803 | D:12     | Wollwoll: because level 99 floor boss
 31806 | D:12     | Wollwoll: never fought him obviously
 32156 | D:12     | Wollwoll: but he's extremely fast (gets three or four
                  | actions to your one I think), summons a lot, heals self,
                  | and has a ton of irresistible damage
 32161 | D:12     | Wollwoll: three or four actions to your one at normal speed
                  | mind you
 32165 | D:12     | Wollwoll: by the time you fight him you'll be pretty fast
                  | too
 32189 | D:12     | Wollwoll: there are items that boost your action speed in
                  | angband
 32280 | D:12     | Wollwoll: some of the best equipment in the game generally
 32280 | D:12     | Bought a potion of curing for 48 gold pieces
 32280 | D:12     | Bought a potion of heal wounds for 80 gold pieces
 32280 | D:12     | Bought a potion of curing for 48 gold pieces
 32280 | D:12     | Bought a potion of resistance for 160 gold pieces
 32487 | D:12     | Charmandara: haste effects always OP
 32487 | D:12     | Charmandara: like drawing cards in a TCG/deckbuilder
 32539 | D:12     | Found Dysew's Antique Armour Emporium.
 32547 | D:12     | Bought a pair of encrusted gloves for 285 gold pieces
 32547 | D:12     | Identified the +1 pair of gloves of Eternity {rF- rN+++
                  | rCorr Stlth+} (You bought it in a shop on level 12 of the
                  | Dungeon)
 32563 | D:12     | Found Xuesuehu's Assorted Antiques.
 32631 | D:12     | Found Ecvavik's Armour Shop.
 32731 | D:12     | Found Acureq's Magic Scroll Boutique.
 32739 | D:12     | Wollwoll: speed in angband works like this
 32739 | D:12     | Bought a scroll of blinking for 112 gold pieces
 32739 | D:12     | Bought a scroll of blinking for 112 gold pieces
 32846 | D:12     | Wollwoll: +10 speed is what you start out with
 32846 | D:12     | Wollwoll: "normal" speed
 32854 | D:12     | Wollwoll: anything below that is fractional
 32859 | D:12     | Wollwoll: +9 speed means you're moving at 90% speed
 32865 | D:12     | Wollwoll: +1 speed means you're ten times as slow as
                  | everything else
 32866 | D:12     | Wollwoll: which should be impossible actually
 32882 | D:12     | Wollwoll: but um
 32976 | D:12     | Wollwoll: however
 32982 | D:12     | Wollwoll: you can get -10 speed if you're hit with a slow
                  | spell
 32982 | D:12     | Wollwoll: this does not mean you have 0 speed now
 32983 | D:12     | Wollwoll: this means you have 5 speed now
 33003 | D:12     | Wollwoll: -10 means your speed is halved
 33009 | D:12     | Reached skill level 15 in Conjurations
 33009 | D:12     | Reached skill level 15 in Air Magic
 33354 | D:12     | Wollwoll: you can never be slowed enough to stop moving
                  | altogether
 33356 | D:12     | Wollwoll: does that make sense haha
 33356 | D:12     | Charmandara: yes
 33356 | D:12     | Wollwoll: speed system can be a bit confusing because
                  | debuffs don't work the same as buffs
 33356 | D:12     | Wollwoll: so sauron has +30 speed
 33356 | D:12     | Wollwoll: and morgoth has +40 speed
 33356 | D:12     | Charmandara: debuffs divide and buffs add?
 33356 | D:12     | Wollwoll: yeah
 33356 | D:12     | Charmandara: hahaha
 33435 | D:13     | Wollwoll: What was the funny part?
 33821 | D:13     | Wollwoll: be back soon
 34127 | D:13     | Reached XP level 16. HP: 82/96 MP: 31/32
 35012 | D:14     | Found a gate to the Vaults.
 35083 | D:14     | Reached skill level 16 in Conjurations
 35095 | D:14     | Reached skill level 16 in Air Magic
 35538 | D:14     | Noticed Nessos
 35541 | D:14     | Killed Nessos
 35631 | D:15     | Entered Level 15 of the Dungeon
 36226 | D:15     | Found a transporter.
 36245 | D:15     | Found a transporter.
 36307 | D:15     | Found a staircase to the Depths.
 36621 | D:15     | Charmandara: just that speed differential
 36621 | D:15     | Charmandara: like, the amount of speed one must accumulate
                  | to not get combo'd to death once Sauron or Morgoth enters
                  | LOS
 36794 | Shoals:1 | Entered Level 1 of the Shoals
 37464 | Shoals:1 | You are sucked into a shaft and drop 1 floor!
 37610 | Shoals:2 | Reached skill level 17 in Conjurations
 37610 | Shoals:2 | Reached skill level 17 in Air Magic
 38256 | Shoals:1 | HP: 20/96 [snapping turtle (9)]
 39889 | Shoals:2 | Reached skill level 18 in Conjurations
 39889 | Shoals:2 | Reached skill level 18 in Air Magic
 40761 | Shoals:3 | Noticed Jorgrun
 40762 | Shoals:3 | Wollwoll: hi I'm back!
 40763 | Shoals:3 | Wollwoll: At a good time, I see
 40766 | Shoals:3 | Killed Jorgrun
 40766 | Shoals:3 | Noticed Ilsuiw
 40767 | Shoals:3 | HP: 21/96 [something/ball of steam (9)]
 41055 | Shoals:2 | Charmandara: oh the shoals
 41080 | Shoals:3 | Found Guil's General Store.
 41083 | Shoals:3 | Reached XP level 17. HP: 84/100 MP: 31/33
 41145 | Shoals:3 | Wollwoll: did you kill jorgrun?
 41146 | Shoals:3 | Reached skill level 12 in Spellcasting
 41146 | Shoals:3 | Wollwoll: I left for a sec
 41147 | Shoals:3 | HP: 13/100 [merfolk siren (17)]
 41505 | Shoals:2 | Charmandara: yerp
 41507 | Shoals:3 | Wollwoll: yeah, sauron and morgoth are insanely fast
 41507 | Shoals:3 | Wollwoll: morgoth especially
 41590 | Shoals:2 | Wollwoll: by the endgame you can usually match sauron's +30
 41604 | Shoals:3 | Wollwoll: if you gear yourself up for speed and then haste
                  | yourself
 41608 | Shoals:3 | Wollwoll: with a potion of speed
 41613 | Shoals:3 | Wollwoll: but you're really not going to be able to match
                  | morgoth's +40 unless you were insanely lucky with loot
 42187 | Shoals:3 | Wollwoll: which means that you're at risk of getting
                  | doubleturned by morgoth
 42322 | Shoals:2 | Wollwoll: which, infamously, can be a problem if he decides
                  | to cast Mana Storm twice in a row
 42322 | Shoals:2 | Wollwoll: mana storm is... how do I put this
 42322 | Shoals:2 | Charmandara: like getting roasted by bad OOF RNG
 42506 | Shoals:2 | Wollwoll: it's like shatter except it deals more damage
 42600 | Spider:1 | Entered Level 1 of the Spider Nest
 42601 | Spider:1 | Wollwoll: lol
 42672 | Lair:2   | Wollwoll: usually if he double-manastorms you you're dead
 42672 | Lair:2   | Wollwoll: because it deals more than half your hp even at
                  | endgame
 42676 | Lair:2   | Learned a level 3 spell: Mephitic Cloud
 42676 | Lair:2   | Wollwoll: which is also why you want to be constantly
                  | healing during the morgoth fight
 42676 | Lair:2   | Wollwoll: so you're not in oneshot range
 42676 | Lair:2   | Wollwoll: so really paranoid people get as much speed as
                  | possible before fighting morgoth
 42700 | Spider:1 | Wollwoll: on the other hand his spell list is fairly large
                  | so you're not actually at much risk of getting instakilled
 42702 | Spider:1 | Wollwoll: it's just a fringe possibility that's infuriating
                  | if it happens
 42705 | Spider:1 | Wollwoll: like OOF rng yeah
 42722 | Spider:1 | Reached skill level 1 in Poison Magic
 42861 | Lair:2   | Charmandara: or, hell sentinel damnation RNG often
 42861 | Lair:2   | Charmandara: Hell Sentinels are so beefy
 42861 | Lair:2   | Charmandara: I think the only builds I get clean kills on
                  | them are UC builds
 42861 | Lair:2   | Charmandara: in Dragon Form
 43197 | Lair:2   | Wollwoll: anyway, so morgoth is mostly infamous for two
                  | things
 43197 | Lair:2   | Wollwoll: Mana Storm, his equivalent of a tier 9 spell
 43197 | Lair:2   | Wollwoll: that can two-shot you if you get doubleturned
 43197 | Lair:2   | Wollwoll: and his unique spell
 43197 | Lair:2   | Wollwoll: Summon Uniques
 43197 | Lair:2   | Wollwoll: lol
 43197 | Lair:2   | Charmandara: love a good summon baddies spell
 43197 | Lair:2   | Charmandara: like Orcus summoning Demogorgon
 43197 | Lair:2   | Charmandara: or the many other late game casters that can
                  | do the same
 43235 | Lair:2   | Killed croobank's ghost
 43236 | Lair:2   | Reached skill level 2 in Poison Magic
 43478 | Spider:1 | You are sucked into a shaft and drop 1 floor!
 43545 | Spider:1 | Reached skill level 3 in Poison Magic
 43547 | Spider:1 | Reached skill level 4 in Stealth
 43908 | Spider:1 | Wollwoll: Orcus summons Demogorgon in D&D?
 43914 | Spider:1 | Wollwoll: I didn't actually know that
 44107 | Spider:1 | Reached skill level 5 in Stealth
 44297 | Spider:1 | Reached skill level 13 in Spellcasting
 44566 | Spider:1 | Wollwoll: but yeah, summoning is fun
 44612 | Spider:1 | Wollwoll: Morgoth is the only unique that can summon other
                  | uniques
 44754 | Spider:1 | Wollwoll: so there's opposing schools of opinion on the
                  | subject of uniques
 44754 | Spider:1 | Acquired a ring of protection from fire
 44767 | Spider:1 | Wollwoll: some, such as Ingwe Ingweron, say that you should
                  | avoid fighting uniques because they're likely to kill you
                  | eventually and the experience/loot isn't worth it
 44774 | Spider:1 | Noticed Louise
 44776 | Spider:1 | Wollwoll: others like to kill as many uniques as possible
                  | before fighting Morgoth, especially the nasty ones
 44778 | Spider:1 | Killed Louise
 45032 | Spider:1 | Wollwoll: so that you don't have to fight Vecna and the
                  | Tarrasque at the same time
 45036 | Spider:1 | Wollwoll: oh, Angband has a lot of D&D enemies as well
 45037 | Spider:1 | Wollwoll: less than the Tolkien enemies but still present
 45214 | Spider:1 | Wollwoll: (Ingwe Ingweron the player, not the character)
 45219 | Spider:1 | Learned a level 4 spell: Iskenderun's Mystic Blast
 45230 | Spider:2 | Wollwoll: he's famous in the angband community as a veteran
                  | player and one of the best
 45235 | Spider:2 | Wollwoll: kind of like yermak I guess
 45236 | Spider:2 | Wollwoll: except friendlier
 45270 | Spider:2 | Wollwoll: well, the last time I saw Ingwe we didn't part on
                  | good terms but that's besides the point
 45510 | Spider:2 | Wollwoll: we had a disagreement on whether or not it was
                  | fair to remove the experience penalty for the dunadan race
 45576 | Spider:2 | Wollwoll: there were some unfortunate miscommunications
 45719 | Spider:2 | Wollwoll: I believe I accidentally gave Ingwe the
                  | impression that I was insulting their playing ability for
                  | liking to play dunadan
 45818 | Spider:2 | Wollwoll: when the only thing that disadvantaged them was
                  | removed
 45828 | Spider:2 | Wollwoll: dunadan have better stats all-around than the
                  | other races, but they had a large experience gain penalty
 45902 | Spider:2 | Wollwoll: high elf was the same but statted for a mage
                  | build instead of decent all around like dunadan
 45902 | Spider:2 | Charmandara: Loving the new single target instakill spell
 45902 | Spider:2 | Charmandara: it's a much more balanced version of absolute
                  | zero
 45902 | Spider:2 | Wollwoll: but high elf experience penalty was kept the same
 45902 | Spider:2 | Wollwoll: I agree, absolute zero was too broken
 45902 | Spider:2 | Charmandara: oh yeah, Pan on easy mode
 45902 | Spider:2 | Charmandara: especially with a gnoll
 45926 | Spider:2 | Wollwoll: anyway, so dunadan were strictly better than any
                  | other race after it was decided that the experience penalty
                  | was removed
 46107 | Spider:2 | Wollwoll: in the latest version
 46107 | Spider:2 | Wollwoll: angband is still in development to some extent
 46134 | Spider:2 | Wollwoll: I didn't think the change made sense, Ingwe
                  | disagreed essentially
 46169 | Spider:2 | Wollwoll: it kind of devolved after a while because I think
                  | ingwe thought I was insulting them like I said
 46744 | Spider:2 | Wollwoll: given they went on a rant about how much better
                  | they are than anyone else on angband live at the game (not
                  | in those words) which is entirely true
 46744 | Spider:2 | Wollwoll: and how if they wanted to play dunadan
                  | occasionally that was their right
 46744 | Spider:2 | Wollwoll: if they wanted an easy game after all the
                  | challenges they'd completed
 46744 | Spider:2 | Charmandara: that kind of arguing is inevitable in
                  | community developed games
 46744 | Spider:2 | Charmandara: chances are, as a more inexperienced player,
                  | your concept of OP is entirely different from a skilled
                  | veteran
 46744 | Spider:2 | Charmandara: Look through old tavern threads, those sort of
                  | arguments over what is and is not broken have raged on
                  | since its inception
 46744 | Spider:2 | Charmandara: like, I can'
 46744 | Spider:2 | Charmandara: t, nor do I desire to speed run
 46744 | Spider:2 | Charmandara: but speed runners process the valuation of
                  | spells, items, and their outcomes wholly different than me
 46744 | Spider:2 | Charmandara: I find it best to ask questions in lieu of
                  | making assertions
 46744 | Spider:2 | Charmandara: people like to dig their heels in and
                  | demonstrate their "superiority" in an argument
 46744 | Spider:2 | Wollwoll: right
 46744 | Spider:2 | Charmandara: but a question can often often soften their
                  | hearts and make them explain what they mean when they claim
                  | something that seems off to you
 46744 | Spider:2 | Wollwoll: I think I did have a good grasp on the situation,
                  | we discussed for a while before the actual argument started
                  | lol
 46744 | Spider:2 | Wollwoll: basically, the experience penalty was removed
                  | because you can grind infinitely in angband
 46744 | Spider:2 | Wollwoll: so it's just more tedious with an experience
                  | penalty
 46744 | Spider:2 | Wollwoll: but other than the experience penalty dunadan is
                  | flatly better than any other race
 46744 | Spider:2 | Wollwoll: except high-elf
 46744 | Spider:2 | Wollwoll: and still better overall than high-elf
 46744 | Spider:2 | Wollwoll: also high-elf kept the experience penalty for
                  | some reason
 46744 | Spider:2 | Wollwoll: when dunadan's penalty was removed
 46744 | Spider:2 | Wollwoll: so that was mainly what we were arguing about
 46744 | Spider:2 | Wollwoll: anyway, I haven't actually seen Ingwe since that
                  | happened lol
 46744 | Spider:2 | Wollwoll: Possibly it's the reason why he hasn't been on
                  | angband.live since then
 46744 | Spider:2 | Wollwoll: it's normal for him to play offline for long
                  | periods of time mind you
 46744 | Spider:2 | Wollwoll: apparently he only uses angband.live for a period
                  | once in a while
 46744 | Spider:2 | Wollwoll: but the specific timing makes me think it was
                  | related
 46744 | Spider:2 | Wollwoll: hopefully he's not holding a grudge haha
 46744 | Spider:2 | Wollwoll: that would be awkward given his status
 46744 | Spider:2 | Charmandara: I doubt it's related
 46744 | Spider:2 | Charmandara: One thing I've learned in my life is other
                  | people's behavior usually isn't about you
 46804 | Spider:3 | Wollwoll: well, yes
 46873 | Spider:3 | Noticed Arachne
 46874 | Spider:3 | Wollwoll: just that he was on for a couple of weeks before
                  | that
 46874 | Spider:3 | Wollwoll: almost daily
 46875 | Spider:3 | Wollwoll: and then he disappeared after that haha
 46879 | Spider:3 | Killed Arachne
 47066 | Spider:2 | Wollwoll: but it would be egocentric to believe that other
                  | people's behavior is because of me
 47066 | Spider:2 | Wollwoll: oh, wait...
 47066 | Spider:2 | Wollwoll: Rephrasal: it would be silly
 47066 | Spider:2 | Wollwoll: and unlikely
 47066 | Spider:2 | Charmandara: I mean, it's a natural reaction. We all get
                  | self-conscious and worry something we did upset someone and
                  | they're holding a grudge
 47066 | Spider:2 | Charmandara: ESPECIALLY if you admire the person in
                  | question
 47066 | Spider:2 | Charmandara: You've got an exciting future ahead of you of
                  | worrying the person you have a crush on or dating is mad at
                  | you when they're just having a bad day
 47066 | Spider:2 | Charmandara: It still happens to me, lol
 47129 | Spider:3 | Wollwoll: ...worrying the person you're dating is mad at
                  | you?
 47665 | Spider:2 | Charmandara: or your friend or your co worker or whomever
 47665 | Spider:2 | Charmandara: if you care about them, you'll have those
                  | moments. I guess, unless you'
 47665 | Spider:2 | Charmandara: re blessed and don't develop social anxiety,
                  | lol
 47665 | Spider:2 | Charmandara: maybe I'm projecting
 47665 | Spider:2 | Charmandara: it's been a weird week
 47665 | Spider:2 | Wollwoll: (Although I wouldn't say I'm egocentric,
                  | exactly?)
 47665 | Spider:2 | Wollwoll: (I tend to think of being egocentric as being
                  | more entitled/narcissistic)
 47665 | Spider:2 | Wollwoll: (I'm more selfish and mildly sociopathic)
 47665 | Spider:2 | Wollwoll: Why was the week weird?
 47665 | Spider:2 | Charmandara: Eh, I don't care to elaborate on it.
 47665 | Spider:2 | Charmandara: All people are somewhat selfish, and not to
                  | reduce you to your age, most teenagers are some degree of
                  | sociopathic, lol
 47665 | Spider:2 | Charmandara: you're still navigating the nuances of human
                  | emotion
 47665 | Spider:2 | Charmandara: why do you say you're sociopathic?
 47665 | Spider:2 | Wollwoll: I'm back!
 47668 | Spider:3 | Wollwoll: HOW DARE YOU REDUCE ME TO MY AGE
 47675 | Spider:3 | Wollwoll: I'd put an angry emoji except I don't know how to
                  | do that lol
 47757 | Spider:3 | Wollwoll: in ascii anyway
 47879 | Spider:3 | Charmandara: >:(
 48114 | Spider:3 | Charmandara: for future reference ^.^
 48114 | Spider:3 | Wollwoll: You have my deepest gratitude!
 48115 | Spider:3 | Wollwoll: HOW DARE YOU REDUCE ME TO MY AGE >:(
 48125 | Spider:4 | Entered Level 4 of the Spider Nest
 48178 | Spider:4 | Wollwoll: Much better.
 48314 | Spider:3 | Charmandara: nailed it
 48314 | Spider:3 | Charmandara: the world of ascii art is vast, beautiful, and
                  | often forgotten
 48314 | Spider:3 | Charmandara: have you ever read any gameFAQs walkthroughs
                  | for games released between 1990-2010?
 48314 | Spider:3 | Charmandara: such elaborate ascii work
 48316 | Spider:4 | Wollwoll: huh, can't say I have
 48316 | Spider:4 | Wollwoll: should do it sometime
 48318 | Spider:4 | Wollwoll: it amuses me to see how different you are from my
                  | dear Lord of Illusions
 48366 | Spider:4 | Charmandara: who?
 48366 | Spider:4 | Charmandara: another crawl player?
 48366 | Spider:4 | Wollwoll: yeah
 48366 | Spider:4 | Wollwoll: CKO
 48366 | Spider:4 | Wollwoll: a "friend" of mine
 48366 | Spider:4 | Wollwoll: like you except I've known her a lot longer
 48366 | Spider:4 | Wollwoll: maybe a year or so
 48366 | Spider:4 | Charmandara: Funny that we've never crossed paths I've
                  | played this game so damn long, lol
 48366 | Spider:4 | Wollwoll: haha that's kind of my fault
 48366 | Spider:4 | Wollwoll: I only started using berotato recently
 48366 | Spider:4 | Wollwoll: only used kelbi before that
 48366 | Spider:4 | Charmandara: well, if you ever notice us on at the same
                  | time, let's have a crawl party chat
 48366 | Spider:4 | Charmandara: lol
 48366 | Spider:4 | Wollwoll: haha, I will!
 48366 | Spider:4 | Charmandara: My online crawl presence probably peaked in
                  | 2015/2016
 48366 | Spider:4 | Wollwoll: I did notice you don't seem to be online a lot
 48366 | Spider:4 | Charmandara: I think my clan got 11th in w/e distro tourney
                  | it was? .16? .17?
 48366 | Spider:4 | Wollwoll: don't disappear on me, though!
 48366 | Spider:4 | Wollwoll: Or die, which would cause you to disappear on me
 48366 | Spider:4 | Wollwoll: that would be annoying
 48366 | Spider:4 | Wollwoll: if you do that I'll, um...
 48366 | Spider:4 | Wollwoll: I don't think track down your address and kill
                  | you holds quite as much weight there
 48366 | Spider:4 | Charmandara: I wouldn't expect me much beyond the
                  | occasional Sunday morning into evening
 48366 | Spider:4 | Wollwoll: yay, a schedule!
 48366 | Spider:4 | Charmandara: hahaha
 48366 | Spider:4 | Wollwoll: you really should try angband sometime, though!
 48366 | Spider:4 | Wollwoll: It's great if you don't mind ASCII, which it
                  | sounds like you don't
 48366 | Spider:4 | Wollwoll: we've been getting a surprising amount of new
                  | players recently
 48366 | Spider:4 | Wollwoll: like in the past month or so
 48366 | Spider:4 | Charmandara: I will if you promise not to stalk and kill
                  | anyone
 48371 | Spider:4 | Wollwoll: Sure!*
 48374 | Spider:4 | Reached XP level 18. HP: 67/105 MP: 11/36
 48379 | Spider:3 | Charmandara: I hope you're joking with that asterixis, :(.
 48720 | Spider:3 | Wollwoll: You know me, I never joke!*
 48732 | Spider:4 | Reached skill level 19 in Conjurations
 48732 | Spider:4 | Reached skill level 19 in Air Magic
 49176 | Spider:4 | Wollwoll: anyway, some interesting things are going on in
                  | my angband game
 49177 | Spider:4 | Wollwoll: OOD enemies are a thing like in DCSS
 49178 | Spider:4 | Wollwoll: each enemy has a "native" depth where it's
                  | weighted to start spawning
 49182 | Spider:4 | Wollwoll: but there's a small chance for an enemy to spawn
                  | before its native depth, becoming progressively smaller the
                  | further it is from its native depth
 49194 | Spider:4 | Wollwoll: Angband vaults usually have several out-of-depth
                  | monsters at least.
 49199 | Spider:3 | Wollwoll: angband has "level feelings", which aren't a
                  | thing in DCSS
 49473 | Spider:3 | Wollwoll: basically an analysis of how dangerous the
                  | enemies on the floor are and how good the loot is
 49473 | Spider:3 | Wollwoll: compared to how deep you are
 49473 | Spider:3 | Wollwoll: two ratings, danger and treasure, of 1-9
 49473 | Spider:3 | Wollwoll: my current floor, for example, is rated 9-5
 49473 | Spider:3 | Charmandara: I like that
 49473 | Spider:3 | Charmandara: Noita does that a bit
 49473 | Spider:3 | Wollwoll: I haven't played Noita, what's it like?
 49473 | Spider:3 | Charmandara: Finnish platforming rogue-like with highly
                  | dynamic terrain
 49473 | Spider:3 | Charmandara: you can jump & briefly fly
 49473 | Spider:3 | Charmandara: you start with 2 wands
 49473 | Spider:3 | Charmandara: a generalized damage wand
 49473 | Spider:3 | Charmandara: and some variation of terrain destroying high
                  | damage explosive wand with limited charges
 49473 | Spider:3 | Charmandara: and a random potion
 49473 | Spider:3 | Charmandara: from water, to mud, to blood, to acid, to fire
 49473 | Spider:3 | Charmandara: explore, dodge, kill stuff
 49473 | Spider:3 | Charmandara: find new wands
 49473 | Spider:3 | Charmandara: with a vast array of spells, spell slots, max
                  | mana, recharge rates
 49473 | Spider:3 | Charmandara: as you progress you have opportunities to
                  | rekit your wands with the spells you've acquire along the
                  | way
 49473 | Spider:3 | Charmandara: do you want to give your basic projectile a
                  | fire trail?
 49473 | Spider:3 | Charmandara: do you want your basic projectile to trigger
                  | another spell upon making contact with something? like an
                  | acid cloud?
 49473 | Spider:3 | Charmandara: which spell combos synergize? which ones will
                  | cause you to blow yourself up?
 49473 | Spider:3 | Charmandara: it's really tough, and I've been playing
                  | spoiler free
 49473 | Spider:3 | Charmandara: but it's very fun
 50463 | Spider:4 | Got the Handbook of Floating Bewitchment
 50591 | Spider:4 | Got a gossamer rune of Zot
 50818 | Lair:2   | Wollwoll: huh, that sounds very interesting
 50818 | Lair:2   | Wollwoll: I was afk for a bit
 50818 | Lair:2   | Wollwoll: I love skill customization
 50818 | Lair:2   | Wollwoll: anyway, each rating level has a flavor message
                  | that goes withit
 50818 | Lair:2   | Wollwoll: my current rating is 9-5
 50818 | Lair:2   | Wollwoll: the message for danger rating 9 is "Omens of
                  | death haunt this place."
 50818 | Lair:2   | Wollwoll: Unsurprising, as danger 9 is the highest
                  | possible.
 50818 | Lair:2   | Wollwoll: Treasure rating 5 is neutral- "There may be
                  | something worthwhile here."
 50818 | Lair:2   | Wollwoll: usually danger rating 9 means either a vault, a
                  | seriously OOD single enemy, or a pit.
 50818 | Lair:2   | Wollwoll: Vaults are like DCSS vaults, lots of enemies and
                  | lots of treasure.
 50818 | Lair:2   | Wollwoll: A pit is a large room full of a single type of
                  | enemy
 50818 | Lair:2   | Wollwoll: Little to no treasure, but the enemies themselves
                  | will drop loot
 50818 | Lair:2   | Wollwoll: My floor has all three.
 50818 | Lair:2   | Wollwoll: When I say pits are full of enemies, I mean
                  | literally full.
 50818 | Lair:2   | Charmandara: Like the door vault!
 50818 | Lair:2   | Charmandara: good times
 50900 | Shoals:3 | Wollwoll: door vault?
 50900 | Shoals:3 | Wollwoll: oh
 50900 | Shoals:3 | Wollwoll: THAT one
 50906 | Shoals:3 | Wollwoll: but yeah, my pit is a priest pit
 51077 | Shoals:3 | Wollwoll: 54x gallant/paladin
 51079 | Shoals:3 | Wollwoll: gallant is the lower-tiered version of paladin
 51081 | Shoals:3 | Wollwoll: 16x patriarch, the tier 4 priest
 51086 | Shoals:3 | Wollwoll: 5x Lord of Carn Dum.
 51100 | Shoals:3 | Wollwoll: I'm on dungeon level 36.
 51222 | Shoals:3 | Wollwoll: Patriarch native depth is level 40.
 51223 | Shoals:3 | Wollwoll: Lord of Carn Dum native depth is level 46.
 51226 | Shoals:3 | Reached skill level 20 in Conjurations
 51226 | Shoals:3 | Wollwoll: That alone would probably be enough to produce a
                  | danger rating 9.
 51229 | Shoals:3 | Reached skill level 20 in Air Magic
 51230 | Shoals:3 | Noticed Polyphemus
 51343 | Shoals:3 | Wollwoll: To compare it to DCSS, each individual Lord of
                  | Carn Dum would be "extremely dangerous".
 51343 | Shoals:3 | Charmandara: so what's the plan for engagement?
 51346 | Shoals:3 | Wollwoll: So, my class is Mage.
 51347 | Shoals:3 | Wollwoll: Mage gets lots and lots of useful spells, as you
                  | might expect!
 51347 | Shoals:3 | Wollwoll: They're kind of the control/utility class.
 51348 | Shoals:3 | Wollwoll: In Angband, teleportation is instant.
 51348 | Shoals:3 | Wollwoll: Mage gets the spells Teleport Self and Teleport
                  | Other.
 51517 | Shoals:2 | Wollwoll: Teleport Other is irresistable, unlike DCSS.
 51519 | Shoals:3 | Wollwoll: so you can divide enemies and fight them by
                  | themselves
 51605 | Shoals:3 | Wollwoll: basically I'm going to spam Teleport Other until
                  | I run out of mana and fight each Lord of Carn Dum
                  | individually.
 51613 | Shoals:3 | Wollwoll: Teleport Other is one of the best spells in the
                  | game, really.
 51625 | Shoals:3 | Wollwoll: one of Mage's main draws is that you get to
                  | teleport other infinitely
 51625 | Shoals:3 | Wollwoll: normally you can only find (quite rare) wands of
                  | Teleport Other.
 51628 | Shoals:3 | Wollwoll: Mage has the best control and the best mana
                  | generation.
 51631 | Shoals:3 | Wollwoll: Mage gets an ability that lets them drain charges
                  | from evocables for mana.
 51631 | Shoals:3 | Killed Ilsuiw
 51866 | Shoals:3 | Wollwoll: *spell*
 51881 | Shoals:3 | Wollwoll: mage also gets a spell that lets them recharge
                  | evocables.
 51897 | Shoals:3 | Wollwoll: See what I mean?
 52152 | Shoals:3 | Wollwoll: After XL 22 (when you gain access to Tap Magical
                  | Energy, the charge-drain spell), you pretty much never run
                  | out of mana unless you're careless.
 52207 | Shoals:3 | Wollwoll: Other spellcasters don't get that luxury.
 52207 | Shoals:3 | Charmandara: that sounds fun
 52207 | Shoals:3 | Charmandara: i like perpetual mana machines
 52249 | Shoals:3 | Killed Polyphemus
 52294 | Shoals:3 | Wollwoll: yeah, it is fun
 52360 | Shoals:3 | Wollwoll: Mage's specialties are perpetual mana and
                  | teleportation.
 52365 | Shoals:3 | Wollwoll: Teleport Self, Teleport Other and Dimension Door.
 52646 | Shoals:2 | Wollwoll: Teleport Self is a fairly common evocable, but
                  | Teleport Other is much more rare and Dimension Door is
                  | completely inaccessible to non-Mages as far as I know.
 52646 | Shoals:2 | Wollwoll: Dimension Door is Controlled Blink, basically.
 52716 | Shoals:3 | Wollwoll: Things Mage lacks (not many):
 53353 | Shoals:3 | Wollwoll: Healing of any sort, close-ranged spells, melee
                  | damage, hybrid spells of any sort (like Portal Projectile,
                  | Excruciating Wounds, etc.)
 53573 | Shoals:3 | Wollwoll: Mage is long-ranged pure caster, basically.
 53582 | Shoals:4 | Entered Level 4 of the Shoals
 53885 | Shoals:4 | Wollwoll: Oh, something else about Angband:
 53891 | Shoals:4 | Wollwoll: Resistances are more important.
 53910 | Shoals:4 | Wollwoll: Like, even more important.
 54074 | Shoals:4 | Wollwoll: It's inadvisable to go below certain floors
                  | without certain resistances.
 54229 | Shoals:4 | Charmandara: makes sense
 54229 | Shoals:4 | Charmandara: crawl used to be more like that
 54229 | Shoals:4 | Wollwoll: For example, Free Action (rSlow, rParalyze), and
                  | See Invisible are essential.
 54229 | Shoals:4 | Wollwoll: Ever try to fight a Dread Lich with no Will?
 54229 | Shoals:4 | Wollwoll: Later on you want at least one level of the basic
                  | resistances (Fire, Ice, Acid, Lightning)
 54229 | Shoals:4 | Wollwoll: Otherwise some things simply deal too much damage
 54229 | Shoals:4 | Charmandara: ever try to do the slime pits without
                  | conservation?
 54234 | Shoals:4 | Wollwoll: like fighting an orb of fire without fire damage
 54241 | Shoals:4 | Wollwoll: Exactly.
 54250 | Shoals:4 | Wollwoll: That's why you need Free Action, because there's
                  | tons of stuff that slows and paralyzes later on.
 54255 | Shoals:4 | Wollwoll: Saving throw is a thing in angband
 54256 | Shoals:4 | Wollwoll: but there's still a chance to get paralyzed
 54261 | Shoals:4 | Wollwoll: free action completely negates that
 54364 | Shoals:4 | Wollwoll: *fighting an orb of fire without fire resistance*
 54373 | Shoals:4 | Wollwoll: oh, Dragons are far nastier in Angband.
 54410 | Shoals:4 | Wollwoll: Like, you don't want to fight any elemental
                  | dragon without resistance to their element
 54531 | Shoals:4 | Wollwoll: there's tiers of dragons
 54552 | Shoals:4 | Wollwoll: Baby Dragon, Young Dragon, Mature Dragon, Ancient
                  | Dragon, and Great Wyrm
 54554 | Shoals:4 | Wollwoll: anything from Mature Dragon upwards deals serious
                  | breath damage
 54555 | Shoals:4 | Reached skill level 21 in Conjurations
 54555 | Shoals:4 | Reached skill level 21 in Air Magic
 54555 | Shoals:4 | Wollwoll: particularly ancient dragons and great wyrms
                  | easily deal more breath damage than your max hp if you
                  | don't resist
 54555 | Shoals:4 | Wollwoll: so you just don't fight a dragon if you don't
                  | have resistance basically
 54555 | Shoals:4 | Wollwoll: breath damage is based on hp actually
 54556 | Shoals:4 | Wollwoll: at full hp they deal massive damage
 54558 | Shoals:4 | Wollwoll: if they're almost dead it won't deal much
 54571 | Shoals:4 | Reached skill level 6 in Stealth
 54572 | Shoals:4 | Wollwoll: so it's generally advised to hit dragons with an
                  | alpha strike in the first few turns
 54572 | Shoals:4 | Wollwoll: all your strongest spells, evocables, etc
 54576 | Shoals:4 | Wollwoll: to get their hp down as much as possible
 54581 | Shoals:4 | Wollwoll: dragon melee is decent but their breath deals far
                  | more damage
 54755 | Shoals:4 | Wollwoll: like, for example
 54755 | Shoals:4 | Charmandara: i like attacks that scale with HP
 54755 | Shoals:4 | Charmandara: that's a fun concept that could be implemented
                  | into crawl somehow
 54755 | Shoals:4 | Charmandara: a literal
 54755 | Shoals:4 | Charmandara: glass cannon enemy
 54767 | Shoals:4 | Wollwoll: haha, yeah
 54830 | Shoals:4 | Wollwoll: although dragons really aren't glass cannons
 54830 | Shoals:4 | Wollwoll: they're, uh...
 55130 | Shoals:4 | Wollwoll: What do you describe something that both deals
                  | lots of damage and is very tanky as?
 55131 | Shoals:4 | Wollwoll: Overpowered?
 55135 | Shoals:4 | Reached skill level 4 in Evocations
 55168 | Shoals:4 | Charmandara: I thought of glass cannon because of the
                  | frontloaded aspect of that mechanic
 55168 | Shoals:4 | Wollwoll: ah, yeah
 55168 | Shoals:4 | Charmandara: when strong is strong, when hurt, is doomed
 55360 | Shoals:4 | Reached XP level 19. HP: 110/110 MP: 35/37
 55363 | Shoals:4 | Identified the amulet of the Chopping Coward {Acrobat +Inv
                  | rN+++ Will+ Slay-3}
 55365 | Shoals:4 | Wollwoll: but yeah, because dragons are so frontloaded you
                  | just... really don't want to fight them
 55366 | Shoals:4 | Wollwoll: if you're not resistant to their element
 55366 | Shoals:4 | Wollwoll: they can oneshot you
 55377 | Shoals:4 | Wollwoll: like, Death Drake is one of the OOD enemies on my
                  | floor
 55381 | Shoals:4 | Wollwoll: Native depth level 50
 55470 | Shoals:4 | Wollwoll: they breathe for Nether damage
 55661 | Shoals:4 | Wollwoll: I don't have rNether because it's a rare
                  | resistance
 55718 | Shoals:4 | Wollwoll: therefore, I will not be fighting the Death Drake
 55726 | Shoals:4 | Got a barnacled rune of Zot
 55870 | Shoals:4 | Wollwoll: I don't know exactly how much they breathe for at
                  | full hp because I haven't fought one
 55993 | Shoals:4 | Wollwoll: however, another player on angband.live estimated
                  | earlier that they breathe for 500-550 damage
 55995 | Shoals:4 | Wollwoll: My character has 200 max hp.
 56020 | Shoals:4 | Wollwoll: Just to give you an idea of how much damage
                  | dragons deal
 56171 | Shoals:4 | Learned a level 4 spell: Summon Lightning Spire
 56177 | Shoals:4 | Wollwoll: Dragon threat level goes something like this:
 56206 | Shoals:4 | Wollwoll: Baby dragon: not really dangerous at any point in
                  | the game. Moreso than orcs, at least.
 56545 | Shoals:4 | Wollwoll: Young dragon: Significantly more dangerous but
                  | still not actually dangerous. Actually deals some damage.
 56545 | Shoals:4 | Wollwoll: Mature dragon: Be careful. Can be scary when they
                  | start showing up. Don't let your hp fall into oneshot
                  | range.
 56545 | Shoals:4 | Wollwoll: Ancient dragon: Do you have resistance? If not,
                  | don't even think about it.
 56545 | Shoals:4 | Charmandara: whew
 56545 | Shoals:4 | Charmandara: so it's a "if its in LOS and you can't resist
                  | it" you're dead
 56545 | Shoals:4 | Wollwoll: Great Wyrm? Do you have resistance? Actually, do
                  | you have double resistance? Are you at max HP? Actually,
                  | that probably still isn't enough.
 56545 | Shoals:4 | Wollwoll: I mean, teleportation is a necessity in dungeon
 56545 | Shoals:4 | Wollwoll: teleportation is instant in angband
 56545 | Shoals:4 | Wollwoll: so basically just teleport if they come into line
                  | of sight
 56545 | Shoals:4 | Wollwoll: you always get the first turn
 56545 | Shoals:4 | Wollwoll: Great Wyrm of Power: ...RUN.
 56545 | Shoals:4 | Charmandara: Well Wollwoll, it's time for me to get ready
                  | for work
 56545 | Shoals:4 | Wollwoll: Sure! Have fun!
 56545 | Shoals:4 | Charmandara: nice chatting, I'll see you next time
 56545 | Shoals:4 | Upgraded the game from 0.28-a0-1624-g820543e53a to
                  | 0.29-a0-23-ga79f92ac9c
 56772 | Elf:1    | Entered Level 1 of the Elven Halls
 56792 | Elf:1    | Reached skill level 5 in Evocations
 57084 | Elf:1    | Reached skill level 1 in Summonings
 57676 | Elf:1    | Paralysed by an air elemental for 1 turns
 57757 | Elf:1    | Reached skill level 7 in Stealth
 57962 | Elf:1    | Reached skill level 2 in Summonings
 58161 | Elf:1    | Reached skill level 6 in Evocations
 59069 | Elf:1    | Reached skill level 10 in Dodging
 59310 | Elf:2    | Found Mihaz's Armour Emporium.
 59326 | Elf:2    | Reached skill level 3 in Summonings
 59418 | Elf:2    | Bought a +0 hat of stealth for 165 gold pieces
 59521 | Elf:2    | Reached skill level 10 in Fighting
 59575 | Elf:2    | Reached skill level 7 in Evocations
 59937 | Elf:2    | Noticed Roxanne
 60113 | Elf:2    | Killed Roxanne
 60114 | Elf:2    | Reached skill level 4 in Summonings
 60585 | Elf:2    | Found a runed translucent gate.
 60585 | Elf:2    | Found a runed translucent gate.
 60585 | Elf:2    | Found a runed translucent gate.
 60676 | Elf:2    | Upgraded the game from 0.29-a0-23-ga79f92ac9c to
                  | 0.29-a0-25-g7f48f510a0
 62169 | Elf:3    | Entered Level 3 of the Elven Halls
 62264 | Elf:3    | Found Opaeget's Armour Shoppe.
 62355 | Elf:2    | Reached XP level 20. HP: 119/119 MP: 16/38
 62469 | Elf:2    | Learned a level 6 spell: Simulacrum
 62472 | Elf:2    | Found an ancient bone altar of Kikubaaqudgha.
 62493 | Elf:3    | Reached skill level 6 in Ice Magic
 62569 | Elf:3    | Found Byrr's Book Shoppe.
 63192 | Elf:3    | Reached skill level 14 in Spellcasting
 63419 | Elf:2    | Upgraded the game from 0.29-a0-25-g7f48f510a0 to
                  | 0.29-a0-90-gc37658a0fe
 63623 | Elf:3    | Reached skill level 7 in Necromancy
 64338 | Elf:3    | Reached skill level 8 in Necromancy
 64480 | Elf:3    | Identified the +6 spear of Wrongful Imprisonment {elec,
                  | rN++ Will++ MP+9}
 64634 | Elf:3    | HP: 22/119 [deep elf master archer/arrow (8)]
 64978 | Elf:3    | Identified the +6 whip of the Evening {flame, rC+ Dex+2}
 64978 | Elf:3    | Identified the +1 robe of Ignis's Anger {rC++ Dex+4}
 64991 | Elf:3    | Reached skill level 9 in Necromancy
 65067 | Elf:3    | Identified the +4 great sword of the Vendetta {vamp, Int+7}
 65067 | Elf:3    | Identified the amulet of the Albatross {Acrobat rPois}
 65287 | Elf:3    | HP: 29/119 [cloud of freezing vapour (5)]
 65292 | Elf:3    | HP: 16/119 [cloud of freezing vapour (3)]
 65646 | Elf:3    | Identified the ring of Lust {Ice Str+2}
 66194 | Elf:3    | Reached skill level 22 in Air Magic
 66519 | Elf:3    | Identified the +3 leather armour "Muamiow" {rN+ Slay+2}
 66824 | Elf:3    | Identified the +1 troll leather armour of the Crushed Teeth
                  | {-Cast Regen+ Dex+3}
 67410 | Vaults:1 | Entered Level 1 of the Vaults
 68295 | Vaults:1 | Reached skill level 23 in Air Magic
 68541 | Vaults:1 | HP: 14/119 [yaktaur captain (17)]
 69503 | Vaults:1 | Reached XP level 21. HP: 123/123 MP: 40/40
 69690 | Vaults:1 | Reached skill level 24 in Air Magic
 70797 | Vaults:2 | You are sucked into a shaft and drop 1 floor!
 70904 | Vaults:2 | HP: 26/123 [yaktaur/bolt (18)]
 71438 | Vaults:2 | Found Geufuuf's Antique Armour Shop.
 71563 | Vaults:2 | Reached skill level 25 in Air Magic
 71647 | Vaults:2 | Bought a runed orb for 372 gold pieces
 72239 | Vaults:2 | Found a staircase to the Crypt.
 72408 | Vaults:2 | Noticed Saint Roka
 72416 | Vaults:2 | Killed Saint Roka
 72795 | Vaults:2 | HP: 17/123 [yaktaur/bolt[a yaktaur captain] (22)]
 72838 | Vaults:2 | Shot with a bolt by a yaktaur captain

Illustrated notes

Levels and vault maps discovered:
D:1:      denvon_arrival_planthouse, layout_basic, basic_ecumenical_altar,
          lemuel_flame_loot_1
D:2:      layout_loops_corners
D:3:      layout_rooms, chequers_serial_rivers_marsh, minmay_misc_feat_square,
          chequers_serial_rivers_small_3
D:4:      layout_basic, okawaru_gym_becter, minmay_temple_entry_poolview,
          enter_ossuary_1, kennysheep_generic_room_9, uniq_pikel, uniq_edmund
D:5:      layout_basic, ashenzari_altar_1
D:6:      layout_basic, nicolae_qazlal_general_emergency,
          grunt_temple_overflow_diamond, fedhas_bush_and_centaur_altar
D:7:      layout_rooms, hellmonk_guarded_unrand_zhor, uniq_prince_ribbit1,
          uniq_crazy_yiuf_cottage
D:8:      minmay_bubble_buster, layout_loops_ring, david_lair_generic,
          special_room [special_room_orc], enter_bailey_2
D:9:      layout_basic, minmay_misc_feat_four_crosses
D:10:     layout_irregular_city, vehumet_statue, lemuel_round_altar,
          orc_0_dummy, uniq_josephine
D:11:     layout_irregular_city, serial_bayou_lagoon_a, kennysheep_dice,
          uniq_maurice
D:12:     lemuel_ogre_cave, layout_irregular_city, serial_shops,
          nicolae_shop_hallway_plus, nicolae_square_shop, shop, shop, shop,
          st_stairs_4
D:13:     layout_loops_ring, serial_ice, serial_ice_h, serial_ice_d,
          serial_ice_m, serial_ice_g
D:14:     layout_cave_pools, david_vaults_2, roderic_roman_lattice,
          nicolae_elevator_lobby_asterisk, uniq_nessos
D:15:     grunt_enter_depths_hoard, layout_rooms, minivault_23,
          gammafunk_ghost_berserking_beasts
Temple:   oiseaux_autumnal_temple
Lair:1:   layout_long_grid, lemuel_old_faithful, grunt_megastairs_3
Lair:2:   layout_gridlike, elwin_shoals_entry_stream,
          nicolae_spider_entry_tight_spaces, ebering_ghost_inner_flame,
          nicolae_quartered_pool_impasse, grunt_megastairs_1,
          infiniplex_staircase_pool_2, serial_bayou_shore_b,
          serial_bayou_shore_b
Lair:3:   dreamdust_isle_of_ice, layout_loops_ring, amcnicky_mini_pool_medium,
          serial_bayou_shore_b
Lair:4:   layout_small_grid, lemuel_fruit_tree, grunt_megastairs_5,
          lemuel_fruit_fields
Lair:5:   layout_hall_layers, slime_altar_1, serial_forest,
          infiniplex_forest_clump_small, infiniplex_forest_clump_diagonal,
          infiniplex_forest_lined_2, infiniplex_forest_corner_1,
          infiniplex_forest_lined_room_3, infiniplex_forest_clump_tiny,
          infiniplex_forest_zigzag_2
Lair:6:   hangedman_lair_tendril_chambers, layout_cave_shapes,
          guppyfry_lair_end_dragon
Shoals:1: layout_shoals, nicolae_shoals_lost_giant_baths,
          nicolae_shoals_cliffside_cave
Shoals:2: layout_shoals
Shoals:3: nicolae_shoals_island_circles, layout_shoals, serial_shops,
          nicolae_stop_n_shop_1, uniq_polyphemus, uniq_ilsuiw, uniq_jorgrun
Shoals:4: shoals_end_hangedman, layout_shoals, shoal_ilsuiw
Spider:1: layout_spider_delve, uniq_louise
Spider:2: layout_spider_delve
Spider:3: layout_spider_delve, uniq_arachne
Spider:4: grunt_spider_rune_island
Orc:1:    cheibrodos_orc_guarddog, layout_diamond_mine, serial_shops, shop,
          uniq_gastronok
Orc:2:    st_orc_mages, layout_diamond_mine, basic_altar,
          lightli_church_of_beogh
Elf:1:    minmay_elf_arrival_plus, layout_loops_cross,
          hangedman_corner_corridor, grunt_ministairs_6, minivault_24,
          abandoned_shop
Elf:2:    elven_hall_of_blades_hangedman_original [nooodl_blade_entry_preview],
          layout_geoelf_grid, serial_shops, shop, lemuel_upstairs_altar,
          uniq_roxanne
Elf:3:    grunt_elf_hall_asides, layout_loops_corners, serial_shops, shop,
          shop_fountains
Vaults:1: vaults_room_hallway, serial_ice_b, ontoclasm_vaults_fault,
          grunt_vaults_swirl, nicolae_vaults_network_barrier,
          vaults_room_grunt_arrival_ludios, hangedman_vaults_maws,
          ontoclasm_vaults_ring_large, vaults_dpeg_hooks, ontoclasm_vaults_spin,
          ontoclasm_vaults_twist, v_alt_pattern_3, vaults_room_door_ring,
          nicolae_vaults_yaktaur_gun_rack, grunt_vaults_hallway_long,
          vaults_room_pool, layout_vaults_ring
Vaults:2: v_misc_23, nicolae_vaults_sealed_display, ontoclasm_vaults_chip,
          minmay_crypt_entry_vampire_xt, nicolae_vaults_what_the_h,
          hangedman_vaults_impose, vaults_dpeg_ring, nicolae_vaults_little_ls,
          layout_vaults_omnigrid, serial_shops, nicolae_shop_statue_plus,
          uniq_saint_roka
Vaults:3: grunt_vaults_hallway_long, ontoclasm_vaults_chip, v_misc_9,
          hangedman_vaults_capsules, v_rooms_2, hangedman_vaults_slither,
          ontoclasm_vaults_ring_small, hangedman_vaults_corner,
          nicolae_vaults_angled_halls, ontoclasm_vaults_decontamination,
          nicolae_vaults_diagonal_hallway_7, vaults_room_semicircle,
          layout_vaults_big_cross, serial_shops, shop, uniq_nikola,
          uniq_margery, uniq_mara

Skill      XL: |  1  2  3  4  5  6  7  8  9 10 11 12 13 14 15 16 17 18 19 20 21 |
---------------+----------------------------------------------------------------+-----
Polearms       | 4 8 12 | 12.0
Fire Magic     | 4 5 6 7 8 |  8.5
Spellcasting   | 2 3 4 6 8 9 11 13 14 | 14.0
Air Magic      | 1 2 6 8 10 11 12 13 15 18 21 23 25 | 25.6
Conjurations   | 1 2 5 7 10 11 12 13 15 18 21 | 21.0
Short Blades   | 2 |  2.0
Dodging        | 4 6 9 10 | 10.5
Necromancy     | 2 3 4 6 9 |  9.0
Transmutations | 1 |  1.0
Stealth        | 3 5 6 7 |  7.5
Evocations     | 3 4 7 |  7.5
Fighting       | 5 7 9 10 | 10.7
Ice Magic      | 2 5 6 |  6.9
Translocations | 1 |  1.0
Poison Magic   | 3 |  3.0
Summonings     | 4 |  4.0

Action                   |  1- 3 |  4- 6 |  7- 9 | 10-12 | 13-15 | 16-18 | 19-21 || total
-------------------------+-------+-------+-------+-------+-------+-------+-------++-------
Melee: Hand axe          |    61 |    13 |       |       |       |       |       ||    74
       Kick              |    12 |     7 |    54 |    73 |   174 |    97 |    87 ||   504
       Spear             |     3 |       |       |       |   717 |   434 |   297 ||  1451
       Peck              |     6 |     2 |    22 |    41 |   117 |    76 |    52 ||   316
       Punch             |     1 |       |       |     5 |     7 |     8 |     6 ||    27
       Short sword       |       |    14 |   136 |   177 |    21 |       |       ||   348
       Staff             |       |       |       |       |       |     2 |       ||     2
Throw: Dart              |       |       |       |       |     8 |     1 |       ||     9
       Javelin           |       |       |       |       |     1 |     3 |     1 ||     5
 Cast: Scorch            |    17 |    34 |    83 |    92 |     4 |       |       ||   230
       Static Discharge  |       |       |    33 |   113 |    91 |    49 |     2 ||   288
       Lightning Bolt    |       |       |       |    18 |    51 |   119 |    78 ||   266
       Shock             |       |       |       |    45 |   103 |    33 |     6 ||   187
       Airstrike         |       |       |       |    14 |   119 |   179 |   249 ||   561
       Sublimation of Bl |       |       |       |     3 |     5 |    12 |    13 ||    33
       Freezing Cloud    |       |       |       |       |    62 |   128 |    91 ||   281
       Irradiate         |       |       |       |       |    14 |    35 |     3 ||    52
       Blink             |       |       |       |       |     1 |    13 |     5 ||    19
       Maxwell's Capacit |       |       |       |       |       |    20 |    54 ||    74
       Iskenderun's Myst |       |       |       |       |       |    15 |    26 ||    41
       Summon Lightning  |       |       |       |       |       |       |    15 ||    15
Invok: Fiery Armour      |     1 |     2 |     2 |     3 |     1 |     1 |     1 ||    11
       Rising Flame      |       |       |       |       |       |       |     1 ||     1
Evoke: Wand              |       |       |     9 |    29 |    18 |    21 |    17 ||    94
       Box of beasts     |       |       |       |     1 |       |     1 |       ||     2
  Use: Scroll            |       |     8 |     7 |    15 |     2 |     6 |    13 ||    51
       Potion            |       |     4 |     3 |    10 |     2 |     4 |    10 ||    33
 Stab: Paralysed         |       |       |    10 |     9 |       |       |       ||    19
       Invisible         |       |       |       |     2 |       |       |       ||     2
       Sleeping          |       |       |       |     2 |     3 |       |     2 ||     7
       Distracted        |       |       |       |       |       |     2 |       ||     2
Armor: Robe              |    24 |     4 |    44 |     9 |       |       |       ||    81
       Animal skin       |       |       |       |    63 |   109 |   129 |    46 ||   347
Dodge: Dodged            |    44 |    26 |   100 |   213 |   311 |   451 |   195 ||  1340

Table legend: (Time is in decaauts)
 A = Elapsed time spent in this place.
 B = Non-inter-level travel time spent in this place.
 C = Inter-level travel time spent in this place.
 D = Time resting spent in this place.
 E = Time spent auto-exploring this place.
 F = Levels seen in this place.
 G = Mean time per level.
                   A        B        C        D        E       F      G
               +--------+--------+--------+--------+--------+-----+--------+
         Total |  69618 |  66245 |   3373 |  33358 |  22369 |  40 | 1740.4 |
       Dungeon |  19469 |  18333 |   1136 |   6105 |   9445 |  15 | 1297.9 |
        Temple |    230 |    194 |     36 |      0 |    181 |   1 |  230.0 |
          Lair |  12643 |  11974 |    669 |   6496 |   3990 |   6 | 2107.2 |
        Shoals |  10413 |  10013 |    400 |   6041 |   2601 |   4 | 2603.2 |
   Spider Nest |   7331 |   6816 |    515 |   3958 |   1913 |   4 | 1832.8 |
  Orcish Mines |   3490 |   3355 |    135 |   1299 |    890 |   2 | 1745.0 |
   Elven Halls |   9883 |   9522 |    361 |   5666 |   2089 |   3 | 3294.3 |
        Vaults |   5005 |   4888 |    117 |   3033 |   1214 |   3 | 1668.3 |
       Ossuary |    605 |    605 |      0 |    400 |      0 |   1 |  605.0 |
        Bailey |    546 |    546 |      0 |    357 |     42 |   1 |  546.0 |
               +--------+--------+--------+--------+--------+-----+--------+

Top non-repeatable levels by time:
Shoals:2: 4929 daAuts
   Elf:2: 4600 daAuts
  Lair:2: 4080 daAuts
   Elf:3: 3051 daAuts
Vaults:1: 3039 daAuts
   Orc:2: 2464 daAuts
Shoals:4: 2448 daAuts
     D:8: 2430 daAuts
  Lair:5: 2381 daAuts
   Elf:1: 2231 daAuts
  Lair:3: 2225 daAuts
Spider:2: 2216 daAuts
Spider:1: 2132 daAuts
Shoals:3: 1905 daAuts
     D:2: 1689 daAuts

Table legend:
 A = Kills in this place as a percentage of kills in entire the game.
 B = Kills by you in this place as a percentage of kills by you in the entire game.
 C = Kills by friends in this place as a percentage of kills by friends in the entire game.
 D = Other kills in this place as a percentage of other kills in the entire game.
 E = Experience gained in this place as a percentage of experience gained in the entire game.
 F = Experience gained in this place divided by the number of levels of this place that you have seen.
                   A       B       C       D       E      F
               +-------+-------+-------+-------+-------+----------------------
         Total | 100.0 | 100.0 | 100.0 | 100.0 | 100.0 | 13332.3
       Dungeon |  24.2 |  24.6 |   0.0 |   0.0 |  11.6 | 4125.8
          Lair |  15.7 |  15.9 |   0.0 |  25.0 |  11.6 | 10324.3
        Shoals |  13.1 |  13.1 |  10.5 |  25.0 |  18.7 | 24924.5
   Spider Nest |  12.4 |  12.6 |   0.0 |   0.0 |  14.6 | 19480.0
  Orcish Mines |  10.5 |  10.6 |   0.0 |  25.0 |   3.6 | 9585.0
   Elven Halls |  12.6 |  12.3 |  36.8 |   0.0 |  25.6 | 45525.7
        Vaults |   8.3 |   7.8 |  47.4 |  25.0 |  13.7 | 24297.7
       Ossuary |   1.4 |   1.4 |   0.0 |   0.0 |   0.0 | 181.0
        Bailey |   1.9 |   1.8 |   5.3 |   0.0 |   0.6 | 3019.0
               +-------+-------+-------+-------+-------+----------------------
